Cogmind - Beta 15 @@@ ROGUE MODE // 2025.08.26 @ 18:09:58 Player: Peregrine Result: Heading to fleet! Performance ------------- Evolutions (9) 4500 Regions Visited (32) 6400 Robots Destroyed (379) 1895 Value Destroyed (20667) 20667 Prototype IDs (35) 700 Alien Tech Used (9) 1800 Bonus (25912) 25912 TOTAL SCORE: 61874 Bonus ------- Triggered Max Security 2000 High Alert Combat Kills 4325 Follower Combat Kills 3029 Entered Garrisons 400 Used RIF Installer 1000 Entered DSFs 500 Network Hubs Disabled 200 Met Zhirov 300 Met R17 at Cetus 500 Read Decrypted Archives 300 Used Core Reset Matrix 3000 Met R17 at Research 2000 Scanned by Researcher 500 Integrated Exoskeleton 5000 Win 3000 Friendly Fire -142 Cogmind --------- Core Integrity 845/1600 Matter 300/300 Energy 932/940 System Corruption 3% Temperature Cool (0) +ITN Movement Walking (30) Location To Fleet Rendezvous Parts ------- > --- POWER (2) -------- Particle Reactor Quantum Reactor > --- PROPULSION (3) --- Sigix Exoskeleton > --- UTILITY (4) ------ Advanced Targeting Computer Advanced Targeting Computer Advanced Recoil Stabilizer > --- WEAPON (2) ------- (None) > --- INVENTORY (7) ---- Experimental Cooling System Core Analyzer Improved Kinecellerator Advanced Phase Shifter Graphene Brace Advanced Hardlight Generator Enhanced Quantum Rifle Peak State ------------ > --- POWER ------------ Particle Reactor Quantum Reactor > --- PROPULSION ------- Sigix Exoskeleton > --- UTILITY ---------- Advanced Targeting Computer Advanced Targeting Computer Advanced Recoil Stabilizer Mini Drone Bay > --- WEAPON ----------- Sigix Sheargun Sigix Sheargun > --- INVENTORY -------- Experimental Cooling System Core Analyzer Improved Kinecellerator Advanced Phase Shifter Graphene Brace Advanced Hardlight Generator Enhanced Quantum Rifle [Rating: 224] Favorites ----------- Power Improved Deuterium Engine Engine Improved Deuterium Engine Power Core Light Nuclear Core Reactor Quantum Reactor Propulsion Carbon-fiber Leg Treads Armored Treads Leg Carbon-fiber Leg Wheel Armored Huge Wheel Hover Unit Cooled Linear Gravjet Flight Unit Improved Surge Thruster Utility Large Storage Unit Device Advanced Heat Sink Storage Large Storage Unit Processor Advanced Targeting Computer Hackware Hacking Suite Protection Light Regenerative Plating Weapon Beamcaster Energy Gun Beamcaster Energy Cannon Heavy Phase Cannon Ballistic Gun KE Penetrator Ballistic Cannon Gauss Cannon Launcher Grenade Launcher Slashing Weapon Phasing Sabre Piercing Weapon Force Lance Special Melee Weapon Improved Datajack Build | -11 -10 -9 -9 -8 -8 -7 -7 -7 -7 -7 -7 -6 -6 -6 -6 -6 -6 -5 -5 -5 -4 -4 -4 -4 -4 -3 -3 -2 -2 -2 -1 -1 ------- Run | Yrd Mat Mat Min Mat Sto Fac Gar Fac Low Low Zio Pro Fac Ext Cet Arc Hub Fac Upp War Pro Fac Gar Fac DSF Res Tes Res Qua Sec Acc Com Slots Evolved 18 | . . 2 . 2 . 2 . . . . . . 2 . . . . 2 . . . 2 . . . 2 . 2 . . 2 . Power 2 | . . . . . . 1 . . . . . . . . . . . . . . . . . . . . . . . . 1 . Propulsion 6 | . . . . 1 . . . . . . . . 2 . . . . . . . . 2 . . . 1 . . . . . . Utility 10 | . . 2 . 1 . 1 . . . . . . . . . . . 2 . . . . . . . 1 . 2 . . 1 . Weapon . | . . . . . . . . . . . . . . . . . . . . . . . . . . . . . . . . . Parts Attached 316 | . 3 16 1 8 13 . 19 7 11 3 . 4 6 12 11 . 4 16 1 2 1 1 33 4 6 18 15 11 18 41 30 1 Power 50 | . . 3 . . 3 . 7 3 1 1 . . 1 2 3 . . 5 . . . . 3 . . 3 3 . 4 6 2 . Engine 16 | . . 3 . . 3 . 1 3 1 1 . . 1 1 1 . . . . . . . . . . . . . . 1 . . Core 11 | . . . . . . . 6 . . . . . . 1 . . . 3 . . . . 1 . . . . . . . . . Reactor 23 | . . . . . . . . . . . . . . . 2 . . 2 . . . . 2 . . 3 3 . 4 5 2 . Propulsion 94 | . . 3 . 4 3 . 4 . 5 . . . 2 7 2 . . 4 . 2 . 1 18 1 3 2 . 8 4 21 . . Treads 10 | . . . . . 2 . 3 . . . . . . . 1 . . . . . . . . . . . . . . 4 . . Leg 51 | . . 3 . 4 1 . 1 . 4 . . . . 7 1 . . 4 . . . . 5 . . . . 8 4 9 . . Wheel 7 | . . . . . . . . . 1 . . . 1 . . . . . . . . . . . 3 2 . . . . . . Hover 8 | . . . . . . . . . . . . . . . . . . . . . . . . . . . . . . 8 . . Flight 18 | . . . . . . . . . . . . . 1 . . . . . . 2 . 1 13 1 . . . . . . . . Utility 117 | . 1 7 . . 6 . 3 3 3 2 . 3 3 2 5 . 2 4 . . 1 . 6 2 3 11 8 2 8 6 25 1 Device 57 | . 1 1 . . . . 1 3 . 2 . 2 2 2 3 . . 2 . . . . 4 2 1 3 4 . 3 3 17 1 Storage 8 | . . 2 . . . . . . . . . . . . . . . . . . . . . . . 3 1 . 1 1 . . Processor 29 | . . . . . 3 . 1 . 2 . . 1 1 . . . . 2 . . . . 1 . . 3 2 1 2 2 8 . Hackware 5 | . . . . . 1 . . . . . . . . . . . . . . . . . . . 2 1 . . 1 . . . Protection 18 | . . 4 . . 2 . 1 . 1 . . . . . 2 . 2 . . . 1 . 1 . . 1 1 1 1 . . . Artifact . | . . . . . . . . . . . . . . . . . . . . . . . . . . . . . . . . . Weapon 55 | . 2 3 1 4 1 . 5 1 2 . . 1 . 1 1 . 2 3 1 . . . 6 1 . 2 4 1 2 8 3 . Energy Gun 23 | . 1 2 . 2 1 . 2 . 1 . . 1 . . 1 . . . . . . . 3 . . 1 3 . . 4 1 . Energy Cannon 9 | . . . . . . . 1 . . . . . . . . . . 1 1 . . . . 1 . 1 . 1 1 1 1 . Ballistic Gun 8 | . . 1 1 . . . 1 . . . . . . . . . 1 1 . . . . 2 . . . . . 1 . . . Ballistic Cannon 6 | . . . . 2 . . 1 1 . . . . . . . . . . . . . . 1 . . . 1 . . . . . Launcher 5 | . 1 . . . . . . . . . . . . . . . . 1 . . . . . . . . . . . 3 . . Special Weapon . | . . . . . . . . . . . . . . . . . . . . . . . . . . . . . . . . . Impact Weapon . | . . . . . . . . . . . . . . . . . . . . . . . . . . . . . . . . . Slashing Weapon 2 | . . . . . . . . . 1 . . . . . . . 1 . . . . . . . . . . . . . . . Piercing Weapon 1 | . . . . . . . . . . . . . . . . . . . . . . . . . . . . . . . 1 . Special Melee Weapon 1 | . . . . . . . . . . . . . . 1 . . . . . . . . . . . . . . . . . . Unidentified Prototypes 28 | . . . . 2 1 . 1 . . . . . 1 1 3 . . . . . . . . . . 2 9 1 1 4 2 . Corrupted Parts 2 | . . . . . . . . . . . . . . . . . . . . . . . 2 . . . . . . . . . System Corruption 7 | . . . . . . . . . . . . . . . . . . . . . . . 7 . . . . . . . . . Parts Lost 95 | . . 4 1 3 1 . 7 2 4 . . 5 . 8 8 . 1 7 4 . 5 . 6 . 2 . . 2 6 18 1 . Power 17 | . . 1 . 1 . . 3 . . . . 2 . 2 2 . . 1 . . 2 . 2 . . . . . 1 . . . Propulsion 40 | . . . 1 . . . 2 1 1 . . . . 3 4 . 1 1 2 . . . 3 . 2 . . 1 5 13 . . Utility 22 | . . 1 . 2 1 . . . 2 . . 2 . 2 . . . 4 1 . 1 . 1 . . . . 1 . 3 1 . Weapon 16 | . . 2 . . . . 2 1 1 . . 1 . 1 2 . . 1 1 . 2 . . . . . . . . 2 . . Highest Loss Streak 10 | . . 2 1 2 1 . 2 2 2 . . 4 . 4 5 . 1 2 3 . 2 . 2 . 2 . . 1 5 10 1 . To Critical Strikes 4 | . . . . . . . . . . . . . . . 2 . . . 2 . . . . . . . . . . . . . Average Backups 10 | 6 7 5 8 9 13 15 10 11 10 10 11 9 8 12 10 12 11 10 10 10 5 2 3 4 3 8 12 17 17 14 5 7 Power . | 1 1 . . . 1 2 . . 2 2 2 1 . . . 1 1 . 1 1 . . . . . . 1 2 1 1 . . Propulsion 1 | 4 2 2 2 . 1 2 . . . 1 1 . . 3 3 2 2 4 5 4 2 1 1 1 . . . . . 1 . . Utility 3 | . 1 . 2 1 1 2 2 4 2 3 4 4 4 4 4 7 5 3 1 1 . . . . . 3 5 8 7 4 4 6 Weapon 3 | 1 1 1 3 6 8 8 5 4 3 3 3 2 1 2 1 1 2 2 3 3 1 1 1 3 2 3 5 7 7 4 . 1 Tool/Special . | . . . . . . . . . . . . . . . . . . . . . . . . . . . . . . . . . Unused Backups 40 | . 10 4 . . 2 . 1 . 3 . . 1 1 1 . . . 2 . . 1 . 2 . . 1 1 . 1 7 . 2 Power 5 | . 1 1 . . 1 . . . . . . . . . . . . . . . . . . . . . 1 . . 1 . . Propulsion 14 | . 6 2 . . . . . . 1 . . 1 . 1 . . . . . . 1 . 1 . . . . . . 1 . . Utility 9 | . 2 . . . 1 . 1 . . . . . 1 . . . . . . . . . . . . 1 . . 1 1 . 1 Weapon 8 | . 1 1 . . . . . . 1 . . . . . . . . 1 . . . . 1 . . . . . . 2 . 1 Tool/Special 4 | . . . . . . . . . 1 . . . . . . . . 1 . . . . . . . . . . . 2 . . Average Slot Usage (%) 82 | . 97 94 88 85 95 84 87 84 87 90 92 92 91 91 83 80 74 71 60 50 47 36 61 71 69 68 77 72 86 78 69 71 Engine 6 | . 14 11 11 8 8 7 4 14 15 15 15 14 13 10 8 . . . . . . . . . . . . . . . . . Core 1 | . . . . . . . 9 . . . . . . 1 . . . 1 5 5 6 5 2 5 5 . . . . . . . Reactor 3 | . . . . . . . . . . . . . . . 3 13 8 7 5 4 1 . 4 . . 7 9 8 7 8 12 18 Treads 4 | . . . . . 1 . 15 20 9 . . . . . 2 6 6 2 . . . . . . . . . . . 4 . . Leg 12 | . 28 22 11 26 25 23 3 . 6 23 23 23 19 24 20 6 2 9 8 4 . . 7 . . . . 10 32 14 9 9 Wheel 2 | . . . . . . . . . . . . . 5 2 1 6 6 2 . . . . . . 4 16 23 12 . . . . Flight 1 | . . . . . . . . . . . . . . . . . . . . 1 11 15 18 31 20 . . . . . . . Device 12 | . 12 11 11 9 . . 3 10 16 21 23 23 21 13 7 20 15 17 11 10 1 . 7 19 19 13 12 13 15 18 9 9 Storage 5 | . 14 11 11 9 9 7 7 7 7 7 7 7 5 6 6 6 6 5 5 5 3 . . . . 3 4 4 4 3 . . Processor 9 | . . . . . 21 15 14 13 4 . . 3 10 12 4 . . 2 11 11 11 10 9 10 7 7 12 13 16 16 21 18 Protection 5 | . . 20 22 14 8 7 7 1 9 7 7 3 . 5 16 6 14 6 2 . 4 5 3 . . 1 3 6 . . . . Energy Gun 5 | . 23 8 6 11 8 . 4 3 6 7 7 6 5 5 7 13 6 3 . . . . 2 . . 3 3 . . 6 17 16 Energy Cannon 2 | . . . . . . . . 1 . 7 7 5 6 1 . . . 1 5 4 3 . . 2 . 3 1 3 7 2 . . Ballistic Gun 1 | . 4 9 14 5 . . 1 . . . . . . . . . 2 3 2 . . . 1 . . . . . . . . . Ballistic Cannon 2 | . . . . . 9 15 6 9 6 . . 2 . 4 1 . . . . . . . . . . . . . . . . . Peak Build Rating 224 | 6 9 16 16 28 41 41 67 65 57 58 59 59 63 68 102 93 101 105 75 71 71 60 92 102 101 123 136 160 177 220 222 224 Average Rating 78 | 6 8 13 15 25 34 41 53 58 51 56 58 53 59 62 75 92 90 84 59 50 59 60 72 93 89 106 123 144 158 169 212 217 On Entrance 72 | 6 6 9 16 15 24 41 41 65 49 57 58 59 47 63 49 93 92 93 75 50 50 50 60 70 96 83 119 136 142 161 200 218 Naked Turns . | . . . . . . . . . . . . . . . . . . . . . . . . . . . . . . . . . Heaviest Build 138 | 14 15 27 27 45 39 37 60 64 78 75 73 75 63 63 88 83 83 85 60 49 62 12 53 33 48 109 116 138 110 120 55 55 Greatest Support 305 | 20 26 29 19 49 45 45 60 60 45 45 45 45 45 90 80 80 28 80 63 26 26 39 100 35 84 116 116 202 221 305 60 60 Greatest Overweight (x) 10 | . . . 2 . . . 1 3 6 1 1 1 2 2 2 2 2 3 2 2 2 . 10 . . 1 . 4 . 4 . . Average Overweight (x) . | . . . 1 . . . . . 1 1 1 1 1 . . 1 1 . 1 1 . . . . . . . . . . . . Largest Inventory Capacity 20 | 8 8 15 8 15 15 15 15 15 15 15 15 15 15 15 15 15 15 15 15 15 15 5 5 5 5 20 20 20 20 20 7 7 Average Capacity 14 | 8 8 8 8 12 15 15 15 15 15 15 15 15 14 15 15 15 15 15 15 15 12 5 5 5 5 15 20 20 20 17 7 7 Most Carried 20 | 6 8 8 8 13 15 15 15 15 13 12 12 13 12 15 15 13 14 15 15 15 14 3 5 5 5 16 20 20 20 20 7 7 Average Carried 11 | 6 7 5 8 10 13 15 11 12 10 10 11 9 8 13 11 12 11 14 15 14 8 3 3 5 4 9 13 19 19 16 5 7 Final Capacity 20 | 8 8 8 8 15 15 15 15 15 15 15 15 15 15 15 15 15 15 15 15 15 5 5 5 5 5 20 20 20 20 7 7 7 Final Carried 20 | 6 8 8 8 12 15 15 11 11 11 11 12 7 11 13 14 12 12 15 15 14 5 3 5 5 4 12 20 20 20 4 7 7 Class Distribution -------------------- 48% | Scavenger-Mutant 29% | Mutant 8% | Commander-Skirmisher 5% | Commander-Mutant 4% | Alien-Sigix Dominant Class ---------------- Mutant | -10/Materials Mutant | -9/Materials Mutant | -9/Mines Mutant | -8/Materials Commander-Mutant | -8/Storage Commander-Mutant | -7/Factory Scavenger-Mutant | -7/Garrison Commander-Skirmisher | -7/Factory Mutant | -7/Lower Caves Scavenger-Mutant | -7/Lower Caves Scavenger-Mutant | -7/Zion Scavenger-Mutant | -6/Proximity Caves Scavenger-Mutant | -6/Factory Commander-Mutant | -6/Extension Scavenger-Mutant | -6/Cetus Scavenger-Mutant | -6/Archives Scavenger-Mutant | -6/Hub_04(d) Scavenger-Mutant | -5/Factory Mutant | -5/Upper Caves Mutant | -5/Warlord Mutant | -4/Proximity Caves Mutant | -4/Factory Scavenger-Mutant | -4/Garrison Scavenger-Sprinter | -4/Factory Scavenger-Sprinter | -4/DSF Mutant | -3/Research Mutant | -3/Testing Scavenger-Mutant | -2/Research Scavenger-Mutant | -2/Quarantine Scavenger-Mutant | -2/Section 7 Alien-Sigix | -1/Access Alien-Sigix | -1/Command Resources | -11 -10 -9 -9 -8 -8 -7 -7 -7 -7 -7 -7 -6 -6 -6 -6 -6 -6 -5 -5 -5 -4 -4 -4 -4 -4 -3 -3 -2 -2 -2 -1 -1 ----------- Run | Yrd Mat Mat Min Mat Sto Fac Gar Fac Low Low Zio Pro Fac Ext Cet Arc Hub Fac Upp War Pro Fac Gar Fac DSF Res Tes Res Qua Sec Acc Com Matter Collected 8321 | 200 62 263 119 98 470 . 922 613 489 135 . 204 68 504 340 . 115 454 42 . 102 . 563 . 240 585 319 134 203 707 365 5 Remotely . | . . . . . . . . . . . . . . . . . . . . . . . . . . . . . . . . . Salvage Created 17844 | . 82 750 109 314 757 . 1178 430 902 82 . 480 68 729 208 . 327 1144 90 . 482 . 487 . 283 794 1202 1386 1031 2318 2106 105 Parts 780 | . 6 54 14 16 52 . 50 32 28 4 . 22 4 30 5 . 18 43 . . 15 . 24 . . 22 47 57 46 91 96 4 Haulers Intercepted 10 | . . . . 1 3 . . . . . . . . . . . . . . . . . . . . 1 1 . . 3 1 . Recyclers Shooed 4 | . . 2 . . . . . . . . . . 1 . . . . . . . . . . . . . 1 . . . . . Parts Field Recycled . | . . . . . . . . . . . . . . . . . . . . . . . . . . . . . . . . . Retrieved Matter . | . . . . . . . . . . . . . . . . . . . . . . . . . . . . . . . . . Parts Self-Destructed 42 | . . . . . . . . . 16 4 . 20 . . . . . . . . 2 . . . . . . . . . . . Prevented 13 | . . . . . . . . . . . . . . . . . . . . . 13 . . . . . . . . . . . Kills | -11 -10 -9 -9 -8 -8 -7 -7 -7 -7 -7 -7 -6 -6 -6 -6 -6 -6 -5 -5 -5 -4 -4 -4 -4 -4 -3 -3 -2 -2 -2 -1 -1 ------- Run | Yrd Mat Mat Min Mat Sto Fac Gar Fac Low Low Zio Pro Fac Ext Cet Arc Hub Fac Upp War Pro Fac Gar Fac DSF Res Tes Res Qua Sec Acc Com Combat Hostiles Destroyed 306 | . 3 12 9 5 13 . 29 10 14 3 . 13 1 17 3 . 5 21 1 . 9 . 12 . . 8 16 17 15 49 20 1 Melee 8 | . . . . . . . . . . . . . . . . . 2 . . . . . 6 . . . . . . . . . Guns 136 | . 3 12 5 5 5 . 18 2 8 1 . 5 . 2 2 . 3 10 . . . . 3 . . 1 12 . . 18 20 1 Cannons 93 | . . . . . 8 . 7 6 6 2 . 5 1 14 1 . . . . . 2 . 3 . . 5 3 13 13 4 . . AOE 44 | . . . 4 . . . 2 2 . . . . . . . . . 8 . . 5 . . . . . . . . 23 . . Classes Destroyed 28 | . 2 6 . 2 . . 5 1 1 . . 3 . . . . . 1 . . . . 1 . . . 1 . . 5 . . Worker 13 | . . 1 1 . 2 . . 4 . . . . . . . . 1 1 . . . . . . . 1 1 . . 1 . . Builder 9 | . 1 1 . . 2 . . 3 . . . . . . . . 1 . . . . . . . . . . . . 1 . . Tunneler 1 | . . . . . . . . . . . . . . . . . . 1 . . . . . . . . . . . . . . Hauler 10 | . . . . 1 3 . . . . . . . . . . . . . . . . . . . . 1 1 . . 3 1 . Recycler 4 | . . 1 . . 1 . . . . . . . . 1 . . . . . . . . . . . . . . . 1 . . Carrier 3 | . . . . . . . . . . . . . . . . . . . . . . . . . . . . . . 3 . . Minesweeper 1 | . . . . . . . . . . . . 1 . . . . . . . . . . . . . . . . . . . . Mechanic 1 | . . . . . . . . . . . . . . . . . . . . . . . . . . . . . . 1 . . Operator 10 | . . 3 . . 1 . . . . . . . . 2 . . . . . . . . . . . 1 1 . 1 1 . . Drone 2 | . . . . . . . . . . . . 2 . . . . . . . . . . . . . . . . . . . . Watcher 13 | . . 1 . . 2 . 2 . . . . . . 1 1 . . . . . . . . . . . . . 1 1 4 . Swarmer 55 | . 3 . 7 . 2 . 10 . 3 3 . 6 . 8 . . . 4 . . 5 . . . . . . . 4 . . . Cutter 7 | . . . . . . . . . . . . . . . . . . . . . . . 5 . . . . 2 . . . . Saboteur 4 | . . . . . . . . . . . . . . . . . . . . . . . . . . . . . . 2 2 . Grunt 120 | . . 8 2 3 4 . 11 6 4 . . 2 . 4 3 . 1 11 . . 4 . 7 . . 2 12 5 1 22 8 . Brawler 5 | . . . . . . . 1 . . . . 1 . 1 . . 1 . . . . . . . . . . . . . 1 . Duelist 10 | . . . . . . . . 1 . . . . . . . . 2 . . . . . . . . . 1 1 . 3 2 . Protector 1 | . . . . . . . . 1 . . . . . . . . . . . . . . . . . . . . . . . . Researcher 3 | . . . . . . . . . . . . . . . . . . . . . . . . . . . . . . 3 . . Sentry 35 | . . 4 . 1 6 . 3 . . . . . 1 3 . . 1 2 1 . . . . . . 1 . 1 3 6 1 1 Specialist 5 | . . . . . . . 1 2 . . . . . . . . . . . . . . . . . . . 2 . . . . Hunter 21 | . . . . 1 1 . 2 . . . . . . . . . . . . . . . . . . 3 . 5 3 4 2 . Programmer 21 | . . . . . . . 1 1 . . . 1 . . . . . 4 . . . . . . . . 2 . 4 6 2 . Heavy 5 | . . . . . . . 1 . . . . . . . . . . . . . . . . . . . . 1 . 2 1 . Behemoth 6 | . . . . . . . . . . . . 1 . 1 . . . . . . . . . . . 2 . . . 1 1 . S7 Guard 1 | . . . . . . . . . . . . . . . . . . . . . . . . . . . . . . 1 . . Investigator 1 | . . . . . . . . . . . . . . . . . . . . . . . . . . . . . . . 1 . Executioner 2 | . . . . . . . . . . . . . . . . . . . . . . . . . . . . . . 2 . . Alpha 7 1 | . . . . . . . . . . . . . . . . . . . . . . . . . . . 1 . . . . . Thug 5 | . . . . . . . . . 5 . . . . . . . . . . . . . . . . . . . . . . . Butcher 2 | . . . . . . . 1 . 1 . . . . . . . . . . . . . . . . . . . . . . . Guerrilla 1 | . . . . . . . . . . . . . . . 1 . . . . . . . . . . . . . . . . . Mutant 1 | . . . . . . . . . 1 . . . . . . . . . . . . . . . . . . . . . . . Best Kill Streak 35 | . 4 4 5 3 4 . 4 10 4 3 . 3 1 4 2 . 3 6 1 . 5 . 3 . . 2 8 9 7 35 9 1 Combat Bots Only 23 | . 3 3 5 2 4 . 4 7 4 3 . 3 1 3 2 . 2 6 1 . 5 . 3 . . 2 8 9 7 23 9 1 Max Kills in Single Turn 35 | . 2 1 3 1 2 . 2 6 2 1 . 2 1 1 1 . 1 4 1 . 2 . 1 . . 1 1 1 1 35 2 1 Gunslinging 1 | . 1 . . . . . 1 . . . . . . . . . . 1 . . . . . . . . . . . . . . Exploded 23 | . . . 3 . . . 2 2 . . . . . . . . . 4 . . 2 . . . . . . . . 23 . . Melee 1 | . . . . . . . . . . . . . . . . . 1 . . . . . 1 . . . . . . . . . Uniques/NPCs Destroyed . | . . . . . . . . . . . . . . . . . . . . . . . . . . . . . . . . . Combat | -11 -10 -9 -9 -8 -8 -7 -7 -7 -7 -7 -7 -6 -6 -6 -6 -6 -6 -5 -5 -5 -4 -4 -4 -4 -4 -3 -3 -2 -2 -2 -1 -1 -------- Run | Yrd Mat Mat Min Mat Sto Fac Gar Fac Low Low Zio Pro Fac Ext Cet Arc Hub Fac Upp War Pro Fac Gar Fac DSF Res Tes Res Qua Sec Acc Com Hostile Shots Fired 2432 | . 15 74 27 43 50 . 227 44 80 11 . 67 18 185 65 1 65 128 21 . 48 . 103 . 2 69 48 256 118 270 293 104 Missed 819 | . 3 26 4 14 13 . 62 11 27 1 . 21 7 63 14 1 20 34 6 . 16 . 36 . 1 23 12 107 46 102 108 41 Hits 1613 | . 12 48 23 29 37 . 165 33 53 10 . 46 11 122 51 . 45 94 15 . 32 . 67 . 1 46 36 149 72 168 185 63 Melee 38 | . . . . . . . 2 . . . . 1 . . . . 19 . . . . . 9 . . . . 1 . . 6 . Projectile 1575 | . 12 48 23 29 37 . 163 33 53 10 . 45 11 122 51 . 26 94 15 . 32 . 58 . 1 46 36 148 72 168 179 63 AOE 6 | . . . . . . . 1 . . . . . . . . . . . . . . . 3 . . . . 1 . . 1 . Critical Strikes 88 | . . 2 2 3 1 . 8 . 3 . . 1 . 2 5 . 2 9 2 . 1 . 6 . . 2 3 2 4 10 15 5 Actively Blocked 9 | . . . . . . . . . . . . . . . . . . . . . . . 2 . . 2 . . . 4 1 . Damage Taken 29919 | . 133 671 314 429 467 . 2306 605 1244 155 . 848 86 1545 1238 240 1428 1972 360 102 594 . 1510 . 77 865 824 2971 1580 5022 1629 704 Core 3656 | . 36 57 24 60 65 . 222 74 190 . . 79 11 170 151 . 126 147 20 60 57 . 125 . . 136 37 142 234 678 518 237 Absorbed by Shields 850 | . . . . . . . . . . . . . . . . . . . . . . . . . . . . . . . 765 85 Reduced by Siege Mode 24 | . . . . . . . . . . . . . . . . . . . . . . . . . . . . . . 24 . . Redirected to Shielding 12 | . . . . . . . 12 . . . . . . . . . . . . . . . . . . . . . . . . . Ignored by Resistances 4124 | . . . . . . . . . . . . . . . . . . . . . . . . . . . . . 103 580 2602 839 Regen/Repaired (Parts) 2350 | . . . . . 154 . 370 221 126 . . . 452 193 150 . . 69 . . . . . . . 615 . . . . . . Core Remaining (%) 66 | 100 85 . 79 . 77 . . . . . . 19 . . . . 46 . . . 71 . . . 89 . 86 . . 27 . 52 Volleys Fired 1298 | . 10 54 18 21 59 . 109 32 58 4 . 42 2 67 36 . 16 46 14 . 13 . 39 1 . 65 113 100 93 198 85 3 Largest 2 | . 2 2 2 2 2 . 2 2 2 2 . 2 2 2 2 . 2 2 2 . 2 . 2 1 . 1 1 1 1 2 2 2 Hottest 240 | . 80 80 86 40 100 . 171 100 115 165 . 165 165 165 161 . 240 124 123 . 133 . 162 88 . 113 113 120 120 208 200 200 Shots Fired 1898 | . 17 89 29 41 118 . 203 60 112 12 . 83 4 127 51 . 28 90 22 . 17 . 41 1 . 65 113 100 93 207 169 6 Gun 1118 | . 14 89 24 41 47 . 111 7 54 4 . 47 2 52 28 . 28 76 6 . . . 22 . . 19 101 . . 171 169 6 Cannon 755 | . . . . . 71 . 89 53 58 8 . 36 2 75 23 . . 9 16 . 10 . 19 1 . 46 12 100 93 34 . . Launcher 25 | . 3 . 5 . . . 3 . . . . . . . . . . 5 . . 7 . . . . . . . . 2 . . Special . | . . . . . . . . . . . . . . . . . . . . . . . . . . . . . . . . . Kinetic 531 | . . 43 10 1 71 . 107 53 58 . . 17 . 53 19 . 13 43 6 . . . 23 . . . 8 1 . 5 . . Thermal 1100 | . . 12 14 40 47 . 93 7 54 12 . 66 4 74 32 . 15 33 10 . 9 . 18 . . 65 105 99 93 198 . . Explosive 11 | . 3 . 5 . . . 3 . . . . . . . . . . . . . . . . . . . . . . . . . Electromagnetic 78 | . 14 34 . . . . . . . . . . . . . . . 14 6 . 8 . . 1 . . . . . 1 . . Slashing 178 | . . . . . . . . . . . . . . . . . . . . . . . . . . . . . . 3 169 6 Robot Hit Streak 44 | . 7 9 5 18 34 . 30 9 21 6 . 13 17 12 11 . 6 11 11 . 17 . 9 . . 9 44 14 15 17 14 10 Robot Miss Streak 6 | . 3 2 2 1 5 . 3 3 4 1 . 3 . 6 3 . 4 3 2 . 3 . 4 . . 2 . 4 3 3 2 . Penetration Max 1 | . . . . . . . . 1 1 . . . . . 1 . . 1 . . . . . . . . . . . . 1 . Secondary Targets 17 | . 1 . . 1 1 . 7 . . . . . . . . . 3 2 . . . . . . . . . . . . 2 . Max Gunslinging Chain 1 | . 1 . . 1 1 . 1 . . . . . . . . . 1 1 . . . . . . . . . . . . 1 . Capacitor 546 | . . . . . . . . . . . . . . . . . . . . . . . . 1 . 65 105 99 93 183 . . Shots Hit Robots 1219 | . 11 62 19 29 74 . 117 40 82 6 . 52 4 85 36 . 24 59 18 . 11 . 36 . . 46 42 64 44 138 117 3 Core Hits 639 | . 4 33 13 10 32 . 52 19 35 3 . 13 2 33 13 . 22 46 2 . 12 . 16 . . 16 52 33 23 98 53 4 Critical Kills 19 | . . . . . . . 1 2 . . . . . . . . . . . . . . . . . 2 5 4 2 3 . . Critical Parts Destroyed 12 | . . . . . . . . 5 . . . . . . . . . . . . . . . . . . 6 . . 1 . . Critical Strikes 88 | . . . 2 . 6 . 5 7 7 1 . 8 . 10 4 . 1 . . . . . 3 . . 3 11 4 2 10 4 . Burn 25 | . . . 2 . 2 . 1 . . 1 . 8 . 3 2 . . . . . . . . . . 1 . . . 5 . . Meltdown 10 | . . . . . . . . . . . . . . . . . . . . . . . . . . 2 . 4 2 2 . . Destroy 21 | . . . . . . . 1 7 . . . . . . . . . . . . . . . . . . 11 . . 2 . . Blast 24 | . . . . . 4 . 3 . 7 . . . . 7 2 . . . . . . . . . . . . . . 1 . . Sever 8 | . . . . . . . . . . . . . . . . . 1 . . . . . 3 . . . . . . . 4 . Melee Attacks 77 | . . . . . . . . . . . . . . 7 . . 17 4 . . . . 34 . 14 . 1 . . . . . Impact . | . . . . . . . . . . . . . . . . . . . . . . . . . . . . . . . . . Slashing 70 | . . . . . . . . . . . . . . . . . 17 4 . . . . 34 . 14 . 1 . . . . . Piercing . | . . . . . . . . . . . . . . . . . . . . . . . . . . . . . . . . . Sneak Attacks 9 | . . . . . . . . . . . . . . 7 . . 1 1 . . . . . . . . . . . . . . Combat Hostiles . | . . . . . . . . . . . . . . . . . . . . . . . . . . . . . . . . . Follow-up Attacks . | . . . . . . . . . . . . . . . . . . . . . . . . . . . . . . . . . Damage Inflicted 77655 | . 141 827 596 548 1795 . 2883 1869 1843 170 . 1517 132 2171 1079 . 822 3015 458 . 784 . 1810 . . 1642 3152 2835 2043 37360 7926 237 Guns 24526 | . 141 827 231 548 628 . 1786 194 824 63 . 1009 48 630 478 . 444 1490 126 . . . 217 . . 269 2362 . . 4099 7926 186 Cannons 16442 | . . . . . 1148 . 991 1034 1019 107 . 508 84 1466 601 . . 88 332 . 179 . 814 . . 1373 686 2835 2040 1137 . . Explosions 35277 | . . . 365 . . . 106 633 . . . . . 75 . . 128 1329 . . 605 . . . . . . . . 32036 . . Melee 1118 | . . . . . . . . . . . . . . . . . 250 89 . . . . 779 . . . . . . . . . Ramming 292 | . . . . . 19 . . 8 . . . . . . . . . 19 . . . . . . . . 104 . 3 88 . 51 Kinetic 9515 | . . 433 115 14 1148 . 1307 1034 1019 . . 164 . 1017 493 . 240 651 126 . . . 814 . . . 686 . . 254 . . Thermal 56225 | . . 113 172 534 628 . 1470 827 824 170 . 1353 132 1154 586 . 204 1497 288 . 159 . 217 . . 1642 2362 2835 2040 37018 . . Explosive 415 | . . . 309 . . . 106 . . . . . . . . . . . . . . . . . . . . . . . . . Electromagnetic 1978 | . 141 281 . . . . . . . . . . . . . . 128 759 44 . 625 . . . . . . . . . . . Impact . | . . . . . . . . . . . . . . . . . . . . . . . . . . . . . . . . . Slashing 9230 | . . . . . . . . . . . . . . . . . 250 89 . . . . 779 . . . . . . . 7926 186 Piercing . | . . . . . . . . . . . . . . . . . . . . . . . . . . . . . . . . . Highest Corruption 14 | . . . . . . . 2 2 5 5 5 . . . . . 5 6 6 6 1 . 7 7 7 . 2 . 1 14 3 3 Average Corruption 3 | . . . . . . . 1 2 4 5 5 . . . . . 2 3 6 5 1 . 5 7 7 . 2 . 1 5 3 3 Corruption Purged . | . . . . . . . . . . . . . . . . . . . . . . . . . . . . . . . . . Corruption Blocked . | . . . . . . . . . . . . . . . . . . . . . . . . . . . . . . . . . Effects 200 | . . . . . . . 26 20 33 33 4 . . . . . 1 16 11 1 2 . 10 3 2 . 3 . 3 27 5 . Message Errors 58 | . . . . . . . 6 5 10 7 3 . . . . . . 7 4 . 1 . 2 2 . . 1 . . 9 1 . Matter Fused 41 | . . . . . . . 4 5 4 10 . . . . . . . 5 . . . . 3 . 2 . 1 . 2 3 2 . Heat Flow Errors 17 | . . . . . . . 3 4 2 . . . . . . . . 2 . . . . 3 . . . . . . 3 . . Energy Discharges 25 | . . . . . . . 5 . 4 6 1 . . . . . 1 . 1 . 1 . . 1 . . . . . 5 . . Parts Rejected 1 | . . . . . . . . . . . . . . . . . . . . . . . . . . . . . 1 . . . Data Loss (minor) 23 | . . . . . . . 4 5 3 3 . . . . . . . . 2 1 . . 1 . . . . . . 3 1 . Data Loss (major) 7 | . . . . . . . . . 5 1 . . . . . . . . . . . . . . . . 1 . . . . . Misfires 14 | . . . . . . . 3 . . 4 . . . . . . . 2 2 . . . . . . . . . . 2 1 . Alerts 10 | . . . . . . . 1 1 3 2 . . . . . . . . 2 . . . . . . . . . . 1 . . Weapon Failures 4 | . . . . . . . . . 2 . . . . . . . . . . . . . 1 . . . . . . 1 . . Overload Shots 22 | . . . . . 1 . 12 7 . . . . . . . . 2 . . . . . . . . . . . . . . . Effects 1 | . . . . . . . . 1 . . . . . . . . . . . . . . . . . . . . . . . . Short Circuit 1 | . . . . . . . . 1 . . . . . . . . . . . . . . . . . . . . . . . . Overflow Damage 3303 | . . . 52 . 7 . 15 155 20 . . 10 12 53 . . 53 131 11 . 30 . 71 . . 38 88 3 120 2434 . . Projectiles 453 | . . . . . 7 . 15 . 20 . . 10 12 53 . . . . 11 . 30 . 62 . . 38 72 3 120 . . . Explosions 2691 | . . . 52 . . . . 155 . . . . . . . . 6 82 . . . . . . . . . . . 2396 . . Melee 159 | . . . . . . . . . . . . . . . . . 47 49 . . . . 9 . . . 16 . . 38 . . Knockbacks 55 | . . . . . 7 . 11 11 5 . . 2 . 9 1 . . . . . . . 1 . . . 6 . . 2 . . Impact 4 | . . . . . . . . . . . . . . . . . . . . . . . . . . . 3 . . 1 . . Kinetic 47 | . . . . . 4 . 11 11 5 . . 2 . 8 1 . . . . . . . 1 . . . 3 . . 1 . . Secondary 4 | . . . . . 3 . . . . . . . . 1 . . . . . . . . . . . . . . . . . . Self-Inflicted Damage 886 | . 38 . 82 . . . . 79 . . . . . . . . 97 33 . . . . . . . . 51 . . 506 . . Shots 10 | . 2 . 3 . . . . 1 . . . . . . . . 1 1 . . . . . . . . . . . 2 . . Rammed 6 | . . . . . . . . 1 . . . . . . . . . . . . . . . . . . 4 . . 1 . . Targets Rammed 14 | . . . . . 2 . . 1 . . . . . . . . . 2 . . . . . . . . 4 . 1 1 . 3 Kicked 8 | . . . . . 2 . . . . . . . . . . . . 2 . . . . . . . . . . 1 . . 3 Crushed . | . . . . . . . . . . . . . . . . . . . . . . . . . . . . . . . . . Highest Temperature 609 | . 90 210 351 82 163 . 281 481 133 12 . 120 . 505 609 . 185 178 103 . 436 . 223 25 . 262 288 447 4 363 33 . Average Temperature 107 | . 40 53 171 19 46 . 80 143 81 6 . 39 . 182 217 . 79 31 55 . 177 . 61 11 . 87 113 136 4 182 11 . Received Heat Transfer 5548 | . . 297 99 270 135 . 666 180 396 . . 129 30 327 207 . 87 627 45 . 100 . 306 . . 60 245 243 81 714 304 . Effects 42 | . . . 4 . . . 1 10 . . . . . 5 18 . . . . . 2 . . . . . . 1 . 1 . . Shutdowns 9 | . . . . . . . . 1 . . . . . 1 5 . . . . . 2 . . . . . . . . . . . Energy Bleed 12 | . . . 1 . . . 1 3 . . . . . 2 4 . . . . . . . . . . . . 1 . . . . Interference 9 | . . . 3 . . . . 4 . . . . . . 2 . . . . . . . . . . . . . . . . . Matter Decay 3 | . . . . . . . . 2 . . . . . . 1 . . . . . . . . . . . . . . . . . Short Circuit 3 | . . . . . . . . . . . . . . 1 1 . . . . . . . . . . . . . . 1 . . Damage (minor) 3 | . . . . . . . . . . . . . . 1 2 . . . . . . . . . . . . . . . . . Damage (major) 3 | . . . . . . . . . . . . . . . 3 . . . . . . . . . . . . . . . . . Siege Activations 1 | . . . . . . . . . . . . . . . . . . . . . . . . . . . . . . 1 . . Total Turns 9 | . . . . . . . . . . . . . . . . . . . . . . . . . . . . . . 9 . . Longest Duration 9 | . . . . . . . . . . . . . . . . . . . . . . . . . . . . . . 9 . . Martial Activations . | . . . . . . . . . . . . . . . . . . . . . . . . . . . . . . . . . Shielding Activations . | . . . . . . . . . . . . . . . . . . . . . . . . . . . . . . . . . Robots Disrupted . | . . . . . . . . . . . . . . . . . . . . . . . . . . . . . . . . . Combat Hostiles . | . . . . . . . . . . . . . . . . . . . . . . . . . . . . . . . . . Robots Corrupted 8 | . . . . . . . . . . . . . . 1 . . 1 3 . . 2 . . . . . . . . 1 . . Combat Hostiles 7 | . . . . . . . . . . . . . . 1 . . . 3 . . 2 . . . . . . . . 1 . . Parts Fried 17 | . 1 1 . . . . . . . . . . . 3 . . . 4 . . 7 . . . . . . . . 1 . . Impact Corruptions 3 | . . . . . . . . . . . . . . 1 . . . . . . . . . . . . 1 . . 1 . . Robots Melted 20 | . . . . . 1 . 2 . . . . 3 . . . . . . 1 . . . . . . 3 1 4 2 3 . . Combat Hostiles 18 | . . . . . . . 2 . . . . 3 . . . . . . 1 . . . . . . 2 1 4 2 3 . . Parts Melted 95 | . . . . 1 1 . 8 1 1 1 . 7 . 5 . . . 2 3 . . . 1 . . 11 2 13 7 31 . . Heat Transferred 32284 | . . 261 494 1036 1369 . 2517 650 1591 296 . 2331 148 1739 999 . 241 1362 450 . 250 . 333 . . 1982 3626 2395 1702 6512 . . Parts Sabotaged 3 | . . . . . . . . . . . . . . . . . 3 . . . . . . . . . . . . . . . Parts Stolen . | . . . . . . . . . . . . . . . . . . . . . . . . . . . . . . . . . Parts Stripped . | . . . . . . . . . . . . . . . . . . . . . . . . . . . . . . . . . Power Chain Reactions 1 | . . . . . . . . . . . . . . . . . . 1 . . . . . . . . . . . . . . Alert | -11 -10 -9 -9 -8 -8 -7 -7 -7 -7 -7 -7 -6 -6 -6 -6 -6 -6 -5 -5 -5 -4 -4 -4 -4 -4 -3 -3 -2 -2 -2 -1 -1 ------- Run | Yrd Mat Mat Min Mat Sto Fac Gar Fac Low Low Zio Pro Fac Ext Cet Arc Hub Fac Upp War Pro Fac Gar Fac DSF Res Tes Res Qua Sec Acc Com Maximum Alert Level 5 | . . . 1 . 2 1 5 4 . . . . 2 3 2 . 1 1 . . . . 2 1 . . 1 2 2 5 5 5 Low Security (%) 36 | 100 100 100 42 100 65 56 4 . . . . . . 50 . 100 42 64 . . . 100 27 9 100 100 80 . . . . . Level 1 29 | . . . 57 . 21 43 5 . . . . . 39 33 88 . 57 35 . . . . 67 90 . . 19 37 57 98 . . Level 2 9 | . . . . . 13 . 11 . . . . . 60 14 11 . . . . . . . 5 . . . . 61 42 . . . Level 3 7 | . . . . . . . 27 45 . . . . . 1 . . . . . . . . . . . . . . . . . . Level 4 8 | . . . . . . . 28 54 . . . . . . . . . . . . . . . . . . . . . . . . Level 5 4 | . . . . . . . 22 . . . . . . . . . . . . . . . . . . . . . . . 10 100 High Security . | . . . . . . . . . . . . . . . . . . . . . . . . . . . . . . . . . Max Security 3 | . . . . . . . . . . . . . . . . . . . . . . . . . . . . . . 1 89 . Peak Influence 3273 | . 92 125 252 145 497 210 2138 1594 . . . . 600 717 430 85 376 355 . . . 65 441 235 151 80 311 554 486 3171 3273 2150 Initial 2088 | . . 29 25 84 48 208 119 1122 . . . . 600 116 397 85 1 175 . . . 65 45 231 139 80 . 148 306 240 1902 2088 Average 517 | . 22 66 208 82 199 190 1090 1208 . . . . 416 252 329 50 204 151 . . . 65 240 219 145 18 111 413 361 345 2393 2120 Influence Increases 15706 | . 102 445 282 171 857 22 2249 1060 160 70 . 285 658 1179 278 60 478 672 35 . 245 . 516 18 24 246 561 626 544 2300 1481 82 Destroy 0b10 Robot/C 7060 | . 60 240 180 100 400 . 800 460 140 60 . 220 20 600 220 . 100 420 20 . 180 . 240 . . 120 300 300 300 1100 460 20 Destroy 0b10 Robot/NC 368 | . 5 35 5 5 70 . 15 65 . . . 15 . 20 10 . 10 10 . . . . . . . 12 12 . 9 45 25 . Destroy Leader 1146 | . 10 72 30 32 120 . 40 72 20 10 . 50 10 82 10 . 20 80 . . 20 . 8 . . 42 34 64 32 178 100 10 Allied During Kill 1116 | . . . . . 208 . 219 216 . . . . . 328 26 . . . . . . . 24 . . . 46 38 . . 11 . Successful Hack 348 | . . 23 . 4 7 22 12 38 . . . . 28 . . . . 22 . . . . 14 18 . 42 77 . 20 11 . 10 Select Force Hacks 30 | . . 30 . . . . . . . . . . . . . . . . . . . . . . . . . . . . . . Disable Machine 903 | . . . 30 . 30 . 45 75 . . . . . 75 . . 45 60 . . . . 36 . 12 12 36 . 72 240 120 15 Anti-Garrison Action 1163 | . . . . . . . 900 . . . . . . . . . 150 . . . . . . . . . . 113 . . . . Destroy Structure 1714 | . 27 . 37 . 22 . 68 34 . . . . . 44 12 . 93 50 . . . . 62 . . 18 8 75 81 711 360 12 Advance Influence 600 | . . . . . . . . . . . . . 600 . . . . . . . . . . . . . . . . . . . Partial Spotted 39 | . . . . . . . . . . . . . . . . . . . . . . . 12 . . . 12 . . . . 15 Lose Combat Pursuer 1119 | . . 45 . 30 . . 150 . . . . . . 30 . 60 60 30 15 . 45 . 120 . 12 . 36 36 30 15 405 . Active Sensor Use 100 | . . . . . . . . 100 . . . . . . . . . . . . . . . . . . . . . . . . Influence Decreases 14855 | . 30 450 132 273 513 311 281 1650 1209 569 . 285 420 706 776 268 125 751 274 40 140 40 140 260 80 389 297 346 660 826 1389 1225 Entered New Map 6546 | . . 43 42 133 67 251 51 1016 574 95 . . . 122 314 128 4 183 104 40 . 40 20 210 60 63 . 116 238 188 1269 1175 Time Decay 6464 | . 30 367 80 110 356 60 . 474 595 474 . 235 270 404 342 120 111 473 130 . 110 . . 50 . 326 277 170 362 458 30 50 Search Patrol Dispatched 150 | . . . . . . . . . . . . . 150 . . . . . . . . . . . . . . . . . . . Lost Part 930 | . . 40 10 30 10 . 70 20 40 . . 50 . 80 80 . 10 70 40 . 30 . 60 . 20 . . 20 60 180 10 . Lost Ally 740 | . . . . . 80 . 160 140 . . . . . 100 40 20 . . . . . . 60 . . . 20 40 . . 80 . Purge Threat 25 | . . . . . . . . . . . . . . . . . . 25 . . . . . . . . . . . . . . Squads Dispatched 92 | . . 1 . 2 6 . . 7 . . . . . 3 1 . 2 4 . . . . . . . 2 3 8 4 12 37 . Investigation 8 | . . 1 . . . . . 2 . . . . . 1 1 . . . . . . . . . . 1 . 1 1 . . . Extermination 9 | . . . . . . . . 1 . . . . . . . . . 2 . . . . . . . . 1 1 2 2 . . Reinforcement 26 | . . . . 2 3 . . 1 . . . . . 2 . . . 2 . . . . . . . 1 2 4 1 4 4 . Assault 46 | . . . . . 3 . . 3 . . . . . . . . 2 . . . . . . . . . . 2 . 6 30 . Garrison 3 | . . . . . . . . . . . . . . . . . . . . . . . . . . . . . . . 3 . Intercept . | . . . . . . . . . . . . . . . . . . . . . . . . . . . . . . . . . Searches Triggered 1 | . . . . . . . . . . . . . 1 . . . . . . . . . . . . . . . . . . . Construction Impeded 4 | . . . . . 1 . . 1 . . . . . 1 . . . 1 . . . . . . . . . . . . . . Haulers Reinforced 5 | . . . . . . . . . . . . . . . . . . . . . . . . . . . 2 . 1 . 2 . Active Scanning Responses 2 | . . . . . . . 1 1 . . . . . . . . . . . . . . . . . . . . . . . . Cargo Convoy Interrupts . | . . . . . . . . . . . . . . . . . . . . . . . . . . . . . . . . . Stealth | -11 -10 -9 -9 -8 -8 -7 -7 -7 -7 -7 -7 -6 -6 -6 -6 -6 -6 -5 -5 -5 -4 -4 -4 -4 -4 -3 -3 -2 -2 -2 -1 -1 --------- Run | Yrd Mat Mat Min Mat Sto Fac Gar Fac Low Low Zio Pro Fac Ext Cet Arc Hub Fac Upp War Pro Fac Gar Fac DSF Res Tes Res Qua Sec Acc Com Distress Signals 32 | . . 4 . 2 1 . 3 . . . . 1 . 6 2 1 1 1 . . . . . . . 3 2 1 1 3 . . Communications Jammed . | . . . . . . . . . . . . . . . . . . . . . . . . . . . . . . . . . Distress Signals . | . . . . . . . . . . . . . . . . . . . . . . . . . . . . . . . . . Times Spotted 570 | . 4 21 9 14 27 1 50 25 14 3 . 15 1 32 13 7 20 28 2 . 13 . 26 . 1 15 27 34 22 62 73 11 Peak Tracking Total 23 | . 3 4 3 6 5 1 9 8 4 3 . 3 1 5 5 8 8 7 1 . 5 . 6 . 1 3 7 9 7 23 20 10 Tactical Retreats 42 | . . 3 . 1 . . 6 . . . . . . 2 . 2 3 2 1 . 1 . 6 . 1 . 2 2 2 1 7 . Traps | -11 -10 -9 -9 -8 -8 -7 -7 -7 -7 -7 -7 -6 -6 -6 -6 -6 -6 -5 -5 -5 -4 -4 -4 -4 -4 -3 -3 -2 -2 -2 -1 -1 ------- Run | Yrd Mat Mat Min Mat Sto Fac Gar Fac Low Low Zio Pro Fac Ext Cet Arc Hub Fac Upp War Pro Fac Gar Fac DSF Res Tes Res Qua Sec Acc Com Traps Triggered 22 | . . . . . . . 4 . . . . . . 3 . . . 3 . 1 . . 2 . 1 . . 1 1 . 4 2 Indirectly . | . . . . . . . . . . . . . . . . . . . . . . . . . . . . . . . . . Trap Hack Attempts . | . . . . . . . . . . . . . . . . . . . . . . . . . . . . . . . . . Triggered . | . . . . . . . . . . . . . . . . . . . . . . . . . . . . . . . . . Disarmed . | . . . . . . . . . . . . . . . . . . . . . . . . . . . . . . . . . Reprogrammed . | . . . . . . . . . . . . . . . . . . . . . . . . . . . . . . . . . Reused . | . . . . . . . . . . . . . . . . . . . . . . . . . . . . . . . . . Traps Extracted . | . . . . . . . . . . . . . . . . . . . . . . . . . . . . . . . . . Installed . | . . . . . . . . . . . . . . . . . . . . . . . . . . . . . . . . . Triggered . | . . . . . . . . . . . . . . . . . . . . . . . . . . . . . . . . . Machines | -11 -10 -9 -9 -8 -8 -7 -7 -7 -7 -7 -7 -6 -6 -6 -6 -6 -6 -5 -5 -5 -4 -4 -4 -4 -4 -3 -3 -2 -2 -2 -1 -1 ---------- Run | Yrd Mat Mat Min Mat Sto Fac Gar Fac Low Low Zio Pro Fac Ext Cet Arc Hub Fac Upp War Pro Fac Gar Fac DSF Res Tes Res Qua Sec Acc Com Machines Disabled 76 | . . . 2 . 2 . 11 5 . . . . . 8 1 . 4 4 . . . . 3 . 1 1 3 1 5 16 8 1 Max in Single Turn 13 | . . . 1 . 1 . 2 1 . . . . . 2 1 . 2 3 . . . . 1 . 1 1 1 1 1 13 1 1 Garrison Access 4 | . . . . . . . . . . . . . . . . . 1 . . . . . . . . . . 1 . 1 1 . Garrison Relay 7 | . . . . . . . 6 . . . . . . . . . . . . . . . 1 . . . . . . . . . Phase Generator 1 | . . . . . . . 1 . . . . . . . . . . . . . . . . . . . . . . . . . Network Hub 1 | . . . . . . . . . . . . . . . . . 1 . . . . . . . . . . . . . . . Energy Cycler 2 | . . . . . . . . . . . . . . 1 . . . . . . . . . . . . . . . . 1 . Machines Repaired . | . . . . . . . . . . . . . . . . . . . . . . . . . . . . . . . . . Machines Dismantled . | . . . . . . . . . . . . . . . . . . . . . . . . . . . . . . . . . Machines Sabotaged . | . . . . . . . . . . . . . . . . . . . . . . . . . . . . . . . . . Overloaded Fab Kills . | . . . . . . . . . . . . . . . . . . . . . . . . . . . . . . . . . Hacking | -11 -10 -9 -9 -8 -8 -7 -7 -7 -7 -7 -7 -6 -6 -6 -6 -6 -6 -5 -5 -5 -4 -4 -4 -4 -4 -3 -3 -2 -2 -2 -1 -1 --------- Run | Yrd Mat Mat Min Mat Sto Fac Gar Fac Low Low Zio Pro Fac Ext Cet Arc Hub Fac Upp War Pro Fac Gar Fac DSF Res Tes Res Qua Sec Acc Com Machines Accessed 61 | . 3 5 . 2 4 2 1 3 1 . . . 2 2 3 1 . 4 . . . 1 3 2 . 5 6 . 2 7 1 1 Terminals 44 | . 3 4 . 2 3 1 1 1 . . . . . 2 3 . . 3 . . . . 3 2 . 2 5 . 2 6 . 1 Fabricators 1 | . . . . . . . . . . . . . . . . . . . . . . . . . . 1 . . . . . . Repair Stations 7 | . . . . . 1 . . 2 . . . . 2 . . . . 1 . . . . . . . 1 . . . . . . Recycling Units . | . . . . . . . . . . . . . . . . . . . . . . . . . . . . . . . . . Scanalyzers 3 | . . 1 . . . . . . . . . . . . . . . . . . . . . . . 1 1 . . . . . Garrison Access 4 | . . . . . . 1 . . . . . . . . . . . . . . . 1 . . . . . . . 1 1 . Total Hacks 229 | . 8 31 . 4 9 4 3 10 1 . . . 14 6 6 25 . 22 . . . 1 6 3 . 23 25 . 6 18 2 2 Successful 134 | . 2 20 . 3 5 2 1 4 1 . . . 9 . 2 25 . 9 . . . 1 1 2 . 21 12 . 4 8 1 1 Failed 94 | . 6 11 . 1 4 2 2 6 . . . . 5 6 4 . . 13 . . . . 5 1 . 2 12 . 2 10 1 1 Catastrophic 16 | . . 2 . 1 1 . . . . . . . . 2 2 . . 1 . . . . 1 . . . 2 . 1 2 . 1 Database Lockouts 1 | . . . . . . . . . . . . . . . . . . . . . . . . . . . 1 . . . . . Manual 36 | . 8 7 . 1 . 2 . 2 . . . . . . . . . 5 . . . . . . . . 6 . 1 . . 4 Terminals 134 | . 8 24 . 4 5 2 3 2 . . . . . 6 6 . . 14 . . . . 6 3 . 4 24 . 6 15 . 2 Fabricators 2 | . . . . . . . . . . . . . . . . . . . . . . . . . . 2 . . . . . . Repair Stations 45 | . . . . . 4 . . 8 . . . . 14 . . . . 8 . . . . . . . 11 . . . . . . Recycling Units . | . . . . . . . . . . . . . . . . . . . . . . . . . . . . . . . . . Scanalyzers 14 | . . 7 . . . . . . . . . . . . . . . . . . . . . . . 6 1 . . . . . Garrison Access 8 | . . . . . . 2 . . . . . . . . . . . . . . . 1 . . . . . . . 3 2 . Terminal Hacks 82 | . 1 10 . 2 2 . 1 1 1 . . . . . 2 25 . 7 . . . . 1 2 . 3 12 . 4 7 . 1 Record 39 | . . 2 . . . . . . . . . . . . 2 25 . 1 . . . . . 1 . 1 6 . . . . 1 Part Schematic 3 | . . . . . . . . . . . . . . . . . . 1 . . . . . . . . 1 . 1 . . . Robot Analysis 1 | . . . . 1 . . . . . . . . . . . . . . . . . . . . . . . . . . . . Prototype ID Bank 4 | . . 2 . . . . . . . . . . . . . . . 1 . . . . . . . . 1 . . . . . Open Door 9 | . . . . . 2 . . . 1 . . . . . . . . . . . . . . . . . . . 1 5 . . Open DSF 2 | . . . . . . . . . . . . . . . . . . . . . . . . 1 . 1 . . . . . . Branch Access Points 1 | . . . . . . . . . . . . . . . . . . . . . . . . . . . 1 . . . . . Emergency Access Points 3 | . . . . . . . 1 . . . . . . . . . . . . . . . 1 . . . . . 1 . . . Terminal Index 1 | . . . . . . . . . . . . . . . . . . . . . . . . . . . 1 . . . . . Recycling Unit Index 1 | . . 1 . . . . . . . . . . . . . . . . . . . . . . . . . . . . . . Scanalyzer Index 1 | . . 1 . . . . . . . . . . . . . . . . . . . . . . . . . . . . . . Alert Level 4 | . . 1 . 1 . . . . . . . . . . . . . 1 . . . . . . . . 1 . . . . . Unreport Threat 2 | . . . . . . . . . . . . . . . . . . 2 . . . . . . . . . . . . . . Recall Investigation 1 | . . 1 . . . . . . . . . . . . . . . . . . . . . . . . . . . . . . Hauler Manifests 2 | . . 1 . . . . . . . . . . . . . . . 1 . . . . . . . . . . . . . . Registered Components 1 | . . . . . . . . . . . . . . . . . . . . . . . . . . . 1 . . . . . Zone Layout 5 | . 1 1 . . . . . 1 . . . . . . . . . . . . . . . . . 1 . . 1 . . . Activate Exoskeleton 2 | . . . . . . . . . . . . . . . . . . . . . . . . . . . . . . 2 . . Fabricator Hacks 2 | . . . . . . . . . . . . . . . . . . . . . . . . . . 2 . . . . . . Load Schematic 1 | . . . . . . . . . . . . . . . . . . . . . . . . . . 1 . . . . . . Build 1 | . . . . . . . . . . . . . . . . . . . . . . . . . . 1 . . . . . . Repair Station Hacks 27 | . . . . . 3 . . 3 . . . . 9 . . . . 2 . . . . . . . 10 . . . . . . Scan Component 16 | . . . . . 2 . . 2 . . . . 5 . . . . 2 . . . . . . . 5 . . . . . . Repair 11 | . . . . . 1 . . 1 . . . . 4 . . . . . . . . . . . . 5 . . . . . . Recycling Unit Hacks . | . . . . . . . . . . . . . . . . . . . . . . . . . . . . . . . . . Scanalyzer 12 | . . 6 . . . . . . . . . . . . . . . . . . . . . . . 6 . . . . . . Insert Component 6 | . . 3 . . . . . . . . . . . . . . . . . . . . . . . 3 . . . . . . Analyze 6 | . . 3 . . . . . . . . . . . . . . . . . . . . . . . 3 . . . . . . Garrison Access Hacks 4 | . . . . . . 1 . . . . . . . . . . . . . . . 1 . . . . . . . 1 1 . Unlock Access 2 | . . . . . . 1 . . . . . . . . . . . . . . . 1 . . . . . . . . . . Seal Access 2 | . . . . . . . . . . . . . . . . . . . . . . . . . . . . . . 1 1 . Unauthorized Hacks 7 | . 1 4 . 1 . 1 . . . . . . . . . . . . . . . . . . . . . . . . . . Terminals 6 | . 1 3 . 1 . 1 . . . . . . . . . . . . . . . . . . . . . . . . . . Botnet 6 | . 1 3 . 1 . 1 . . . . . . . . . . . . . . . . . . . . . . . . . . Fabricators . | . . . . . . . . . . . . . . . . . . . . . . . . . . . . . . . . . Repair Stations . | . . . . . . . . . . . . . . . . . . . . . . . . . . . . . . . . . Recycling Units . | . . . . . . . . . . . . . . . . . . . . . . . . . . . . . . . . . Scanalyzers 1 | . . 1 . . . . . . . . . . . . . . . . . . . . . . . . . . . . . . Extract 1 | . . 1 . . . . . . . . . . . . . . . . . . . . . . . . . . . . . . Garrison Access . | . . . . . . . . . . . . . . . . . . . . . . . . . . . . . . . . . Data Cores Recovered 6 | . . 3 . . . . . 1 . . . . . . . . . . . . . . . . . . 1 . 1 . . . Used 1 | . . 1 . . . . . . . . . . . . . . . . . . . . . . . . . . . . . . Hacking Detections 46 | . 2 4 . 2 3 2 1 3 . . . . 2 2 3 . . 3 . . . . 3 2 . 3 6 . . 3 1 1 Full Trace Events 5 | . . . . . . . 1 1 . . . . . 1 1 . . . . . . . . . . 1 . . . . . . Feedback Events 1 | . . . . . . . 1 . . . . . . . . . . . . . . . . . . . . . . . . . Corruption 1 | . . . . . . . 1 . . . . . . . . . . . . . . . . . . . . . . . . . Feedback Blocked . | . . . . . . . . . . . . . . . . . . . . . . . . . . . . . . . . . Robot Schematics Acquired 1 | . . . . . . . . . . . . . . . . . . . . . . . . . . . . . . 1 . . Robots Built . | . . . . . . . . . . . . . . . . . . . . . . . . . . . . . . . . . Authchips . | . . . . . . . . . . . . . . . . . . . . . . . . . . . . . . . . . Time . | . . . . . . . . . . . . . . . . . . . . . . . . . . . . . . . . . Total Robot Build Rating . | . . . . . . . . . . . . . . . . . . . . . . . . . . . . . . . . . Part Schematics Acquired 12 | . . 6 . . . . . . . . . . . . . . . 1 . . . . . . . 3 1 . 1 . . . Parts Built 1 | . . . . . . . . . . . . . . . . . . . . . . . . . . 1 . . . . . . Authchips . | . . . . . . . . . . . . . . . . . . . . . . . . . . . . . . . . . Time 53 | . . . . . . . . . . . . . . . . . . . . . . . . . . 53 . . . . . . Total Part Build Rating 6 | . . . . . . . . . . . . . . . . . . . . . . . . . . 6 . . . . . . Parts Repaired 11 | . . . . . 1 . . 1 . . . . 4 . . . . . . . . . . . . 5 . . . . . . Time 440 | . . . . . 38 . . 19 . . . . 133 . . . . . . . . . . . . 250 . . . . . . Parts Recycled . | . . . . . . . . . . . . . . . . . . . . . . . . . . . . . . . . . Recycled Matter . | . . . . . . . . . . . . . . . . . . . . . . . . . . . . . . . . . Retrieved Matter . | . . . . . . . . . . . . . . . . . . . . . . . . . . . . . . . . . Retrieved Components . | . . . . . . . . . . . . . . . . . . . . . . . . . . . . . . . . . Parts Scanalyzed 6 | . . 3 . . . . . . . . . . . . . . . . . . . . . . . 3 . . . . . . Part Schematics Acquired 6 | . . 3 . . . . . . . . . . . . . . . . . . . . . . . 3 . . . . . . Parts Damaged . | . . . . . . . . . . . . . . . . . . . . . . . . . . . . . . . . . Bothacking | -11 -10 -9 -9 -8 -8 -7 -7 -7 -7 -7 -7 -6 -6 -6 -6 -6 -6 -5 -5 -5 -4 -4 -4 -4 -4 -3 -3 -2 -2 -2 -1 -1 ------------ Run | Yrd Mat Mat Min Mat Sto Fac Gar Fac Low Low Zio Pro Fac Ext Cet Arc Hub Fac Upp War Pro Fac Gar Fac DSF Res Tes Res Qua Sec Acc Com Used RIF Installer 2 | . . . . . . . 1 . . . . . . . . . . . . . . . 1 . . . . . . . . . Threat Obfuscator 1 | . . . . . . . . . . . . . . . . . . . . . . . 1 . . . . . . . . . Robots Hacked . | . . . . . . . . . . . . . . . . . . . . . . . . . . . . . . . . . Non-combat . | . . . . . . . . . . . . . . . . . . . . . . . . . . . . . . . . . Combat . | . . . . . . . . . . . . . . . . . . . . . . . . . . . . . . . . . Robot Hacks Applied . | . . . . . . . . . . . . . . . . . . . . . . . . . . . . . . . . . Relay Couplers Released 37 | . . . . . . . 25 . . . . . . . . . 3 . . . . . 3 . . . . 3 3 . . . Machine Destruction 34 | . . . . . . . 25 . . . . . . . . . 3 . . . . . 3 . . . . 3 . . . . Programmers 3 | . . . . . . . . . . . . . . . . . . . . . . . . . . . . . 3 . . . Fabnet Peak Effective % . | . . . . . . . . . . . . . . . . . . . . . . . . . . . . . . . . . Robots Rewired 32 | . . . . . . . 15 . . . . . . 11 . . . . . . . . 3 . . . 3 . . . . . Allies Hacked . | . . . . . . . . . . . . . . . . . . . . . . . . . . . . . . . . . Hacks Repelled . | . . . . . . . . . . . . . . . . . . . . . . . . . . . . . . . . . Allies | -11 -10 -9 -9 -8 -8 -7 -7 -7 -7 -7 -7 -6 -6 -6 -6 -6 -6 -5 -5 -5 -4 -4 -4 -4 -4 -3 -3 -2 -2 -2 -1 -1 -------- Run | Yrd Mat Mat Min Mat Sto Fac Gar Fac Low Low Zio Pro Fac Ext Cet Arc Hub Fac Upp War Pro Fac Gar Fac DSF Res Tes Res Qua Sec Acc Com Total Allies 96 | . . . . . 10 . 16 . . . . . . 12 . . . . . . . . 3 . . . 3 . . . 34 18 Largest Group 15 | . . . . . 10 5 15 10 . . . . . 9 5 1 . . . . . . 3 . . . 3 2 . . 6 5 Highest-Rated Group 359 | . . . . . 173 93 359 290 . . . . . 288 160 31 . . . . . . 147 . . . 237 153 . . 86 70 Highest-Rated Ally 79 | . . . . . 29 29 32 32 . . . . . 39 39 31 . . . . . . 49 . . . 79 79 . . 15 15 Total Orders 2 | . . . . . . . . . . . . . . . 2 . . . . . . . . . . . . . . . . . STAY 1 | . . . . . . . . . . . . . . . 1 . . . . . . . . . . . . . . . . . FOLLOW 1 | . . . . . . . . . . . . . . . 1 . . . . . . . . . . . . . . . . . Ally Attacks 503 | . . . . . 67 5 87 83 . . . . . 123 49 1 . . . . . . 25 . . . 24 11 . . 28 . Total Damage 11150 | . . . . . 707 34 1384 2824 . . . . . 1552 976 20 . . . . . . 960 . . . 1510 760 . . 423 . Kills 82 | . . . . . 8 . 13 21 . . . . . 15 10 . . . . . . . 4 . . . 4 3 . . 4 . Allies Corrupted 1 | . . . . . 1 . . . . . . . . . . . . . . . . . . . . . . . . . . . Allies Melted . | . . . . . . . . . . . . . . . . . . . . . . . . . . . . . . . . . Intel | -11 -10 -9 -9 -8 -8 -7 -7 -7 -7 -7 -7 -6 -6 -6 -6 -6 -6 -5 -5 -5 -4 -4 -4 -4 -4 -3 -3 -2 -2 -2 -1 -1 ------- Run | Yrd Mat Mat Min Mat Sto Fac Gar Fac Low Low Zio Pro Fac Ext Cet Arc Hub Fac Upp War Pro Fac Gar Fac DSF Res Tes Res Qua Sec Acc Com Active Infowar (turns) 11811 | . . . . . 689 130 2435 915 . . . 595 583 972 505 . . 993 273 297 54 . . . 18 1118 686 343 837 57 311 . Optics 8010 | . . . . . 689 130 1260 . . . . 595 583 972 505 . . . . . . . . . . 1118 686 343 837 57 235 . Sensors 267 | . . . . . . . . . . . . . 9 199 59 . . . . . . . . . . . . . . . . . A.S.S. 2090 | . . . . . . . 1175 915 . . . . . . . . . . . . . . . . . . . . . . . . Terrain 1618 | . . . . . . . . . . . . . . . . . . 993 273 297 54 . . . . . . . . . 1 . Traps 716 | . . . . . . . . . . . . 443 231 . 42 . . . . . . . . . . . . . . . . . T.N.C. 53 | . . . . . . . . . . . . . . . . . . . . . . . . . . . . . . . 53 . Machine Analysis 44 | . . . . . . . . . . . . . . . . . . . . . . . . . . . . . . . 44 . Cloaking 18 | . . . . . . . . . . . . . . . . . . . . . . . . . 18 . . . . . . . ECM 3 | . . . . . . . . . . . . . . . . . . . . . . . . . . . 3 . . . . . Robot Analysis Total 1 | . . . . 1 . . . . . . . . . . . . . . . . . . . . . . . . . . . . Derelict Logs Recovered 6 | . . . . . . . . . 1 2 . 2 . . . . . . . . 1 . . . . . . . . . . . Drone Launches 3 | . . . . . . . . . . . . . . . . . . . . . . . . . . . . . . . . 3 Drone Recoveries . | . . . . . . . . . . . . . . . . . . . . . . . . . . . . . . . . . Exploration | -11 -10 -9 -9 -8 -8 -7 -7 -7 -7 -7 -7 -6 -6 -6 -6 -6 -6 -5 -5 -5 -4 -4 -4 -4 -4 -3 -3 -2 -2 -2 -1 -1 ------------- Run | Yrd Mat Mat Min Mat Sto Fac Gar Fac Low Low Zio Pro Fac Ext Cet Arc Hub Fac Upp War Pro Fac Gar Fac DSF Res Tes Res Qua Sec Acc Com Turns Passed 21461 | 3 198 879 162 226 802 130 2437 1200 1880 1236 201 1182 583 972 762 246 249 1243 273 297 295 6 759 111 88 1260 686 343 837 1167 630 118 Spaces Moved 11631 | 3 130 325 44 109 402 96 874 436 751 640 106 544 274 444 395 57 114 542 97 219 367 14 711 130 99 747 424 156 574 855 814 138 Core 1 | . . . . . . . . . . . . . . . . . . . . . . . 1 . . . . . . . . . Treads 2082 | . . . . . 17 . 726 436 443 . . . . . 139 18 . 139 . . . . . . . . . . . 164 . . Legs 6285 | 3 130 325 44 109 385 96 148 . 198 640 106 544 103 354 236 . . 315 97 116 . . 132 . . . . 69 574 609 814 138 Wheels 1904 | . . . . . . . . . 110 . . . 171 90 20 39 114 88 . . . . . . 14 747 424 87 . . . . Hover 82 | . . . . . . . . . . . . . . . . . . . . . . . . . . . . . . 82 . . Flight 1277 | . . . . . . . . . . . . . . . . . . . . 103 367 14 578 130 85 . . . . . . . Fastest Speed 5 | 120 120 120 190 120 120 120 120 166 170 190 190 190 130 115 115 130 115 123 123 37 37 34 5 12 5 96 96 112 111 20 30 30 Average Speed 131 | 120 120 120 250 120 122 120 197 239 221 190 190 190 152 143 150 164 129 166 196 133 68 34 50 15 25 106 96 124 112 83 30 30 Slowest Speed 470 | 120 120 120 260 120 170 120 250 400 410 190 190 190 190 260 240 240 130 330 220 220 197 34 470 16 100 115 96 390 115 400 30 30 Overloaded Moves 77 | . . . . . . . . . . . . . . . . . . . . . . . 48 . 29 . . . . . . . Propulsion Burnouts 1 | . . . . . . . . . . . . . . . . . . . . . . . . . 1 . . . . . . . Robots Hopped . | . . . . . . . . . . . . . . . . . . . . . . . . . . . . . . . . . Potential Cave-ins 8 | . . . . . . . 1 . . . . . . 2 . . . . . . . . . . . . . . 2 1 2 . Cave-ins Triggered 1 | . . . . . . . . . 1 . . . . . . . . . . . . . . . . . . . . . . . Exploration Rate (%) 36 | 2 32 24 13 12 56 4 76 12 80 78 10 74 7 69 73 76 14 13 17 19 59 1 64 4 82 26 51 7 63 61 28 10 Regions Visited 32 Branch Regions 17 Pre-discovered Areas . | . . . . . . . . . . . . . . . . . . . . . . . . . . . . . . . . . Known Exits Taken 8 | . . . . . . 1 . . . . . . . . . . 1 1 1 1 1 1 . 1 . . . . . . . . Unknown Exits Taken 21 | 1 1 1 1 1 1 . . 1 1 1 1 1 1 1 1 1 . . . . . . . . . 1 1 1 1 1 1 . Scrap Searched 5 | . . . 1 . . . . . . 2 . 2 . . . . . . . . . . . . . . . . . . . . Spaces Dug 78 | . . . . . . . . . 3 . . 5 . . . . 7 3 . . . . . . . . 2 2 24 . 32 . Terrain Destroyed 1141 | . 26 . 41 . 19 . 92 30 23 5 . 17 . 29 8 . 177 24 1 . 4 . 7 . . 9 4 25 35 425 132 8 Melee 10 | . . . . . . . . . . . . . . . . . 6 3 . . . . . . . . 1 . . . . . Projectile 323 | . . . . . 19 . 8 13 23 5 . 17 . 17 8 . 3 7 1 . 4 . 7 . . 9 3 25 35 3 108 8 AOE 808 | . 26 . 41 . . . 84 17 . . . . . 12 . . 168 14 . . . . . . . . . . . 422 24 . Terrain Rammed . | . . . . . . . . . . . . . . . . . . . . . . . . . . . . . . . . . Walls Destroyed . | . . . . . . . . . . . . . . . . . . . . . . . . . . . . . . . . . Machines Disabled . | . . . . . . . . . . . . . . . . . . . . . . . . . . . . . . . . . Actions | -11 -10 -9 -9 -8 -8 -7 -7 -7 -7 -7 -7 -6 -6 -6 -6 -6 -6 -5 -5 -5 -4 -4 -4 -4 -4 -3 -3 -2 -2 -2 -1 -1 --------- Run | Yrd Mat Mat Min Mat Sto Fac Gar Fac Low Low Zio Pro Fac Ext Cet Arc Hub Fac Upp War Pro Fac Gar Fac DSF Res Tes Res Qua Sec Acc Com Total 16421 | 2 156 724 66 161 592 110 1381 531 858 653 106 609 434 653 520 210 160 784 159 224 391 15 1018 219 142 1213 692 303 760 1298 1068 209 Wait 2153 | . . 308 2 11 85 14 199 34 13 . . 10 133 46 49 152 . 143 48 . 2 . 102 80 11 338 81 22 42 96 73 59 Move 11600 | 2 129 324 43 108 401 96 873 435 750 639 105 543 273 443 394 56 113 541 96 218 366 14 710 129 98 746 423 155 573 854 813 137 Hop . | . . . . . . . . . . . . . . . . . . . . . . . . . . . . . . . . . Pick Up 294 | . 8 14 . 8 16 . 18 10 14 3 1 2 14 10 15 . 4 10 . . 1 . 19 . 1 27 18 4 12 39 26 . Fast Attach 99 | . . . . 1 2 . . . . . . . 1 3 . . . 7 . . . . 22 4 6 1 . 8 16 23 4 1 Attach 207 | . 1 7 . 3 5 . 14 8 8 2 . 6 5 7 16 . 4 10 . 2 6 1 18 . 2 16 9 3 3 32 19 . Detach 42 | . . . . . . . . 1 . . . . . 2 3 . . 2 . 3 1 . 12 1 2 1 5 1 . 7 1 . Swap 151 | . 3 9 3 6 12 . 17 4 4 2 . 4 4 9 3 . 5 7 1 . 1 . 8 1 . 7 12 2 4 11 12 . Drop 233 | . 5 8 . 3 9 . 15 6 9 3 . 2 2 8 4 2 1 12 . 1 1 . 26 3 8 12 9 8 16 37 22 1 Fire 1298 | . 10 54 18 21 59 . 109 32 58 4 . 42 2 67 36 . 16 46 14 . 13 . 39 1 . 65 113 100 93 198 85 3 Melee 77 | . . . . . . . . . . . . . . 7 . . 17 4 . . . . 34 . 14 . 1 . . . . . Ram 5 | . . . . . . . . . . . . . . . . . . . . . . . . . . . 4 . . 1 . . Kick 8 | . . . . . 2 . . . . . . . . . . . . 2 . . . . . . . . . . 1 . . 3 Crush 1 | . . . . . . . . 1 . . . . . . . . . . . . . . . . . . . . . . . . Escape Stasis 49 | . . . . . . . 7 . . . . . . 21 . . . . . . . . 3 . . . . . . . 13 5 Rewire 204 | . . . . . 1 . 129 . 2 . . . . 30 . . . . . . . . 25 . . . 17 . . . . . Trap . | . . . . . . . . . . . . . . . . . . . . . . . . . . . . . . . . . Miscellaneous . | . . . . . . . . . . . . . . . . . . . . . . . . . . . . . . . . . Route ------- -11/Scrapyard -10/Materials -9/Materials -9/Mines -8/Materials -8/Storage -7/Factory -7/Garrison -7/Factory -7/Lower Caves -7/Lower Caves (discovered 2 exits: *Fac / [*Zio]) -7/Zion -6/Proximity Caves -6/Factory (discovered 2 exits: Fac / *Ext) -6/Extension (discovered 3 exits: *Fac x2 / *Cet) -6/Cetus (discovered 2 exits: *Fac / *Arc) -6/Archives -6/Hub_04(d) -5/Factory (discovered 2 exits: *Fac / *Upp) -5/Upper Caves -5/Warlord -4/Proximity Caves -4/Factory -4/Garrison (discovered 2 exits: *Fac x2) -4/Factory -4/DSF -3/Research (discovered 2 exits: *Res / *Tes) -3/Testing -2/Research -2/Quarantine (discovered 3 exits: *Acc / *Sec / [*Frg]) -2/Section 7 -1/Access -1/Command To Fleet Rendezvous History --------- Turn | Location | Event 1 | -11/Scrapyard | Discovered new exit (range 1) 4 | -11/Scrapyard | Entered Materials 178 | -10/Materials | Discovered new exit (range 15) 202 | -10/Materials | Entered another Materials area 202 | -9/Materials | Evolved 2 slots: Utility x2 354 | -9/Materials | Build established: Mutant 895 | -9/Materials | Discovered new exit (range 16) 1081 | -9/Materials | Entered Mines 1217 | -9/Mines | Discovered new exit (range 5) 1243 | -9/Mines | Entered Materials 1243 | -8/Materials | Evolved 2 slots: Propulsion x1, Utility x1 1429 | -8/Materials | Discovered new exit (range 10) 1469 | -8/Materials | Entered Storage 1819 | -8/Storage | Assisted by bots powering up and referring to "LRC-V3" 1936 | -8/Storage | Found Prototype Protection 1937 | -8/Storage | Identified Lgt. Regenerative Plating 2123 | -8/Storage | Build established: Commander-Mutant 2225 | -8/Storage | Repaired Carbon-fiber Leg 2231 | -8/Storage | Discovered new exit (range 11) 2269 | -8/Storage | First assault squad dispatched 2271 | -8/Storage | Entered Factory 2271 | -7/Factory | Accompanied by 5 allies 2271 | -7/Factory | Evolved 2 slots: Power x1, Utility x1 2387 | -7/Factory | Identified exit to Garrison 2401 | -7/Factory | Entered Garrison 2401 | -7/Garrison | Accompanied by 5 allies 2438 | -7/Garrison | Installed Relay Interface Framework 2489 | -7/Garrison | Triggered checkpoint 2554 | -7/Garrison | Lost 4 allies 2634 | -7/Garrison | Heavy support dispatched to Factory 2761 | -7/Garrison | Triggered checkpoint 2821 | -7/Garrison | Found Prototype Device 2827 | -7/Garrison | Build established: Scavenger-Mutant 2847 | -7/Garrison | Triggered checkpoint 2897 | -7/Garrison | Discovered new exit (range 10) 2925 | -7/Garrison | Triggered checkpoint 2963 | -7/Garrison | Garrison Relay disabled 3249 | -7/Garrison | Rescued a captive Derelict 3249 | -7/Garrison | Rescued a captive Derelict 3561 | -7/Garrison | Phase Generator disabled 3662 | -7/Garrison | Found Prototype Device 3663 | -7/Garrison | Identified Active Sensor Suite (x2) 3708 | -7/Garrison | H-XX Assembler disabled 3900 | -7/Garrison | Identified exit to Factory 3995 | -7/Garrison | Triggered checkpoint 4033 | -7/Garrison | Garrison Relay disabled 4119 | -7/Garrison | Build established: Commander-Skirmisher 4275 | -7/Garrison | Garrison Relay disabled 4289 | -7/Garrison | Garrison Relay disabled 4289 | -7/Garrison | Garrison Relay disabled 4292 | -7/Garrison | Garrison Relay disabled 4307 | -7/Garrison | Lost 4 allies 4367 | -7/Garrison | Triggered checkpoint 4838 | -7/Garrison | Entered Factory 4838 | -7/Factory | Accompanied by 10 allies 5238 | -7/Factory | First assault squad dispatched 5497 | -7/Factory | Lost 4 allies 5746 | -7/Factory | Lost 4 allies 5782 | -7/Factory | Destroyed 7 combat bots 5877 | -7/Factory | Repaired Arm. Treads 5969 | -7/Factory | Discovered new exit (range 9) 6025 | -7/Factory | Build established: Mutant 6038 | -7/Factory | Entered Lower Caves 6039 | -7/Lower Caves | Encountered a Warlord checkpoint 6250 | -7/Lower Caves | Core integrity fell below 50% 6442 | -7/Lower Caves | Crushed by falling debris 7424 | -7/Lower Caves | Learned Factory stockpile data 7530 | -7/Lower Caves | Attacked by a faux Warlord 7619 | -7/Lower Caves | Build established: Scavenger-Mutant 7905 | -7/Lower Caves | Discovered new exit (range 4) 7918 | -7/Lower Caves | Entered another Lower Caves area 7975 | -7/Lower Caves | Encountered a Warlord checkpoint 7995 | -7/Lower Caves | Learned Factory terminal intel 8275 | -7/Lower Caves | Discovered new exit (range 13) 8996 | -7/Lower Caves | Learned Factory garrison access intel 9141 | -7/Lower Caves | Discovered new exit (range 9) 9154 | -7/Lower Caves | Entered Zion 9208 | -7/Zion | Given the Hacking Drone Bay 9211 | -7/Zion | Found Prototype Device 9258 | -7/Zion | System corruption cleaned by Quarantine Array 9330 | -7/Zion | Discovered new exit (range 13) 9355 | -7/Zion | Entered Proximity Caves 9365 | -6/Proximity Caves | Learned Factory trap positions 9471 | -6/Proximity Caves | Spotter reported a threat 9666 | -6/Proximity Caves | Spotter reported a threat 9703 | -6/Proximity Caves | Build established: Mutant 9738 | -6/Proximity Caves | Spotter reported a threat 9893 | -6/Proximity Caves | Spotted B-75 Beast 9895 | -6/Proximity Caves | Spotter reported a threat 9916 | -6/Proximity Caves | Destroyed B-75 Beast 10119 | -6/Proximity Caves | Lost 4 parts (1p2u1w) 10153 | -6/Proximity Caves | Build established: Scavenger-Mutant 10169 | -6/Proximity Caves | Core integrity fell below 20% 10305 | -6/Proximity Caves | Learned location of 1 exit from Factory 10512 | -6/Proximity Caves | Discovered new exit (range 12) 10537 | -6/Proximity Caves | Entered Factory 10537 | -6/Factory | Evolved 2 slots: Propulsion x2 10538 | -6/Factory | Identified exit to Factory 10539 | -6/Factory | Loaded intel: 82 trap records 10541 | -6/Factory | Loaded intel: 27 terminal locations 10542 | -6/Factory | Loaded intel: 4 garrison access locations 10830 | -6/Factory | Repaired Gauss Cannon 10857 | -6/Factory | Repaired Lrg. Storage Unit 10887 | -6/Factory | Search patrols dispatched 10908 | -6/Factory | Repaired Carbon-fiber Leg 11034 | -6/Factory | Repaired Beamcaster 11095 | -6/Factory | Discovered new exit (range 13) 11120 | -6/Factory | Entered Extension 11122 | -6/Extension | Disrupted transfer network 11210 | -6/Extension | Energy Cycler disabled 11210 | -6/Extension | Rescued a captive Derelict 11210 | -6/Extension | Rescued a captive Derelict 11210 | -6/Extension | Rescued a captive Derelict 11210 | -6/Extension | Rescued a captive Derelict 11210 | -6/Extension | Rescued a captive Derelict 11211 | -6/Extension | Rescued a captive Derelict 11212 | -6/Extension | Rescued a captive Derelict 11212 | -6/Extension | Rescued a captive Derelict 11213 | -6/Extension | Rescued a captive Derelict 11214 | -6/Extension | Rescued a captive Derelict 11218 | -6/Extension | Rescued a captive Derelict 11219 | -6/Extension | Rescued a captive Derelict 11247 | -6/Extension | Identified Hacking Drone Bay 11582 | -6/Extension | Discovered exit to Factory (range 19) 11584 | -6/Extension | Extracted ID and sensor layout for unrecognized location from A7's data core 11584 | -6/Extension | Spotted B-75 Beast 11595 | -6/Extension | Destroyed B-75 Beast 11664 | -6/Extension | Lost 3 allies 11989 | -6/Extension | Discovered exit to Factory (range 10) 12002 | -6/Extension | Discovered new exit (range 6) 12053 | -6/Extension | Lost 4 parts (1p1n1u1w) 12092 | -6/Extension | Entered Cetus 12092 | -6/Cetus | Accompanied by 5 allies 12106 | -6/Cetus | Spotted Cetus Guard 12107 | -6/Cetus | Spotted Cetus Guard 12110 | -6/Cetus | Spotted Cetus Guard 12112 | -6/Cetus | Spotted Cetus Guard 12119 | -6/Cetus | Allies destroyed Cetus Guard 12123 | -6/Cetus | Allies destroyed Cetus Guard 12125 | -6/Cetus | Allies destroyed Cetus Guard 12135 | -6/Cetus | Allies destroyed Cetus Guard 12152 | -6/Cetus | Lost 3 allies 12432 | -6/Cetus | Discovered new exit (range 21) 12559 | -6/Cetus | Spotted Cetus Guard 12560 | -6/Cetus | Spotted Cetus Guard 12566 | -6/Cetus | Spotted Cetus Guard 12567 | -6/Cetus | Spotted Cetus Guard 12575 | -6/Cetus | Allies destroyed Cetus Guard 12575 | -6/Cetus | Discovered exit to Factory (range 22) 12579 | -6/Cetus | Allies destroyed Cetus Guard 12607 | -6/Cetus | Allies destroyed Cetus Guard 12621 | -6/Cetus | Allies destroyed Cetus Guard 12634 | -6/Cetus | Met Revision 17 12650 | -6/Cetus | Lost 5 parts (2p3n) 12842 | -6/Cetus | Security sweep announced 12854 | -6/Cetus | Entered Archives 12854 | -6/Archives | Accompanied by 1 ally 12891 | -6/Archives | Met Zhirov 12897 | -6/Archives | Reinforcements dispatched to Archives 12912 | -6/Archives | Discovered new exit (range 15) 12922 | -6/Archives | Read partially decrypted archive contents 12942 | -6/Archives | Reinforcements dispatched to Archives 12962 | -6/Archives | Zhirov detonated Archives 13100 | -6/Archives | Entered Hub_04(d) 13287 | -6/Hub_04(d) | Discovered exit to Factory (range 16) 13310 | -6/Hub_04(d) | Network Hub disabled 13320 | -6/Hub_04(d) | Spotted Lightning 13322 | -6/Hub_04(d) | Spotted Lightning 13341 | -6/Hub_04(d) | Spotted Lightning 13348 | -6/Hub_04(d) | Core integrity fell below 50% 13349 | -6/Hub_04(d) | Entered Factory 13349 | -5/Factory | Evolved 2 slots: Utility x2 13441 | -5/Factory | Discovered new exit (range 5) 14426 | -5/Factory | Discovered new exit (range 7) 14437 | -5/Factory | Identified exit to Upper Caves 14592 | -5/Factory | Entered Upper Caves 14615 | -5/Upper Caves | Attracted the attention of an 0b10 checkpoint 14745 | -5/Upper Caves | Lost 3 parts (1n1u1w) 14830 | -5/Upper Caves | A Derelict revealed a hidden shortcut to "reach the base" 14854 | -5/Upper Caves | Identified exit to Warlord 14865 | -5/Upper Caves | Entered Warlord 14947 | -5/Warlord | System corruption cleaned by Quarantine Array 14988 | -5/Warlord | Build established: Mutant 14993 | -5/Warlord | Discovered new exit (range 15) 15132 | -5/Warlord | RIF detected upon attempting to enter Warlord's base 15132 | -5/Warlord | Attacked by Warlord forces 15162 | -5/Warlord | Identified exit to Proximity Caves 15162 | -5/Warlord | Entered Proximity Caves 15385 | -4/Proximity Caves | Learned Research machine intel 15448 | -4/Proximity Caves | Discovered new exit (range 15) 15455 | -4/Proximity Caves | Identified exit to Factory 15457 | -4/Proximity Caves | Entered Factory 15457 | -4/Factory | Evolved 2 slots: Propulsion x2 15463 | -4/Factory | Identified exit to Garrison 15463 | -4/Factory | Entered Garrison 15486 | -4/Garrison | Spotted B-86 Titan 15519 | -4/Garrison | Triggered checkpoint 15521 | -4/Garrison | Triggered checkpoint 15537 | -4/Garrison | Expanded RIF knowledge: Threat Obfuscation 15548 | -4/Garrison | Discovered new exit (range 10) 15550 | -4/Garrison | Identified exit to Factory 15623 | -4/Garrison | Triggered checkpoint 15628 | -4/Garrison | Garrison Relay disabled 15994 | -4/Garrison | Build established: Scavenger-Mutant 16099 | -4/Garrison | H-XX Assembler disabled 16113 | -4/Garrison | Discovered exit to Factory (range 11) 16222 | -4/Garrison | Entered Factory 16224 | -4/Factory | Found Quantum Capacitor 16275 | -4/Factory | Identified exit to DSF 16333 | -4/Factory | Entered DSF 16390 | -4/DSF | Discovered new exit (range 14) 16393 | -4/DSF | Additional patrols routed to DSF 16421 | -4/DSF | Entered Research 16421 | -3/Research | Evolved 2 slots: Propulsion x1, Utility x1 16422 | -3/Research | Loaded intel: 114 machine locations 16502 | -3/Research | Fabricated Adv. Hacking Suite (x1) 16621 | -3/Research | Revision forces began assault on 0b10 16659 | -3/Research | Met up with Revision 17++ 16690 | -3/Research | Build established: Hacker-Mutant 16748 | -3/Research | Discovered new exit (range 9) 16917 | -3/Research | Found Gamma Bomb Array 16951 | -3/Research | Found Prototype Processor 16952 | -3/Research | Identified Exp. Melee Analysis Suite 17012 | -3/Research | Build established: Mutant 17068 | -3/Research | Spotted B-86 Titan 17076 | -3/Research | Destroyed B-86 Titan 17121 | -3/Research | Research terminal network offline 17240 | -3/Research | Spotted B-86 Titan 17265 | -3/Research | Destroyed B-86 Titan 17375 | -3/Research | Repaired Adv. Heat Sink 17420 | -3/Research | Repaired Arm. Huge Wheel 17466 | -3/Research | Repaired Arm. Huge Wheel 17511 | -3/Research | Repaired Arm. Huge Wheel 17582 | -3/Research | Repaired Hvy. Linear Accelerator 17668 | -3/Research | Discovered new exit (range 5) 17681 | -3/Research | Entered Testing 17768 | -3/Testing | Central database locked down 17831 | -3/Testing | Found Prototype Energy Gun 17834 | -3/Testing | Identified Warp Gun 17944 | -3/Testing | Spotted Alpha 7 18001 | -3/Testing | Destroyed Alpha 7 18012 | -3/Testing | Found Prototype Processor 18013 | -3/Testing | Identified Exp. Targeting Computer 18015 | -3/Testing | Found Prototype Device 18016 | -3/Testing | Identified Exp. ECM Suite 18138 | -3/Testing | Destroyed 8 combat bots 18180 | -3/Testing | Rewired DK-RFU(K) 18191 | -3/Testing | Rewired S3-0TH(K) 18192 | -3/Testing | Rewired IL-Q5F(K) 18274 | -3/Testing | Spotted PY-7EK222DG8Y 18278 | -3/Testing | Discovered new exit (range 9) 18317 | -3/Testing | Allies destroyed PY-7EK222DG8Y 18339 | -3/Testing | Found Prototype Protection 18367 | -3/Testing | Entered Research 18367 | -2/Research | Accompanied by 2 allies 18367 | -2/Research | Evolved 2 slots: Utility x2 18367 | -2/Research | Identified Centrium Heavy Armor Plating 18579 | -2/Research | Destroyed 9 combat bots 18655 | -2/Research | Discovered new exit (range 21) 18710 | -2/Research | Entered Quarantine 18762 | -2/Quarantine | Spotted Alpha 7 18777 | -2/Quarantine | Found Alien Launcher 18810 | -2/Quarantine | Found Alien Artifact 18810 | -2/Quarantine | Identified Core Reset Matrix 18810 | -2/Quarantine | Identified Sigix Terminator 18810 | -2/Quarantine | Used Core Reset Matrix 18814 | -2/Quarantine | Detected hypermatrix surge 18814 | -2/Quarantine | Sensed 12 artifacts in vicinity 18831 | -2/Quarantine | Build established: Scavenger-Mutant 19152 | -2/Quarantine | Lost 5 parts (1p4n) 19163 | -2/Quarantine | Destroyed 7 combat bots 19206 | -2/Quarantine | Found Quantum Capacitor 19237 | -2/Quarantine | Found Core Stripper 19276 | -2/Quarantine | Found Terrabomb 19341 | -2/Quarantine | Found Matter Drive 19393 | -2/Quarantine | Discovered new exit (range 8) 19444 | -2/Quarantine | Spotted Fortress 19539 | -2/Quarantine | Discovered new exit (range 6) 19539 | -2/Quarantine | Discovered new exit (range 7) 19547 | -2/Quarantine | Entered Section 7 19548 | -2/Section 7 | Detected hypermatrix surge 19548 | -2/Section 7 | Sensed 21 artifacts in vicinity 19562 | -2/Section 7 | Spotted S7 Guard 19596 | -2/Section 7 | Destroyed S7 Guard 19618 | -2/Section 7 | Found Integrated Thermoelectric Network 19787 | -2/Section 7 | Found Integrated Reactor 19788 | -2/Section 7 | Installed Integrated Reactor, increased core energy generation (+10) 19789 | -2/Section 7 | Installed Integrated Thermoelectric Network, gained heat-energy exchange potential 19838 | -2/Section 7 | Found Prototype Launcher 19838 | -2/Section 7 | Identified Com. Tesla Bomb Launcher 19842 | -2/Section 7 | Found Com. Tesla Bomb Launcher 19850 | -2/Section 7 | Lost 4 parts (3n1w) 20015 | -2/Section 7 | Spotted B-90 Cyclops 20027 | -2/Section 7 | Destroyed B-90 Cyclops 20102 | -2/Section 7 | Destroyed 7 combat bots 20136 | -2/Section 7 | Lost 10 parts (8n1u1w) 20142 | -2/Section 7 | Discovered new exit (range 11) 20182 | -2/Section 7 | Core integrity fell below 50% 20292 | -2/Section 7 | Spotted Executioner 20297 | -2/Section 7 | Spotted Executioner 20302 | -2/Section 7 | Destroyed Executioner 20306 | -2/Section 7 | Destroyed Executioner 20324 | -2/Section 7 | Found Prototype Processor 20324 | -2/Section 7 | Identified Exp. Targeting Computer 20436 | -2/Section 7 | System corruption reached 10% 20521 | -2/Section 7 | Integrated with Sigix Exoskeleton 20564 | -2/Section 7 | Spotted B-99 Colossus 20579 | -2/Section 7 | Found Integrated Reactor 20579 | -2/Section 7 | Installed Integrated Reactor, increased core energy generation (+10) 20580 | -2/Section 7 | Found Integrated Reactor 20580 | -2/Section 7 | Installed Integrated Reactor, increased core energy generation (+10) 20594 | -2/Section 7 | Found LRC Insulator 20594 | -2/Section 7 | Installed LRC Insulator, 1 resistance modified: EM +25% 20597 | -2/Section 7 | Found LRC Energy Well 20597 | -2/Section 7 | Installed LRC Energy Well, increased energy storage capacity (+250) 20599 | -2/Section 7 | Found LRC Storage 20599 | -2/Section 7 | Installed LRC Storage, increased inventory capacity (+2) 20705 | -2/Section 7 | Fired Sigix Terminator 20709 | -2/Section 7 | Spotted Striker 20714 | -2/Section 7 | Entered Access 20714 | -1/Access | Evolved 2 slots: Power x1, Utility x1 20719 | -1/Access | Emitted hypermatrix ping 20724 | -1/Access | Assembled emerged from beneath the floor 20726 | -1/Access | Destroyed 23 combat bots 20763 | -1/Access | Assembled emerged from beneath the floor 20785 | -1/Access | Lost 3 allies 20854 | -1/Access | Assembled emerged from beneath the floor 20864 | -1/Access | Build established: Alien-Sigix 20872 | -1/Access | Garrison activated, responded to threat 20887 | -1/Access | Spotted B-99 Colossus 20924 | -1/Access | Destroyed B-99 Colossus 20960 | -1/Access | Assembled emerged from beneath the floor 20997 | -1/Access | Lost 3 allies 20999 | -1/Access | Destroyed 9 combat bots 21047 | -1/Access | Assembled emerged from beneath the floor 21057 | -1/Access | Found Unknown Device 21057 | -1/Access | Identified Launcher Loader 21274 | -1/Access | Sigix Exoskeleton integrity reduced to 80% 21281 | -1/Access | Discovered new exit (range 18) 21303 | -1/Access | Spotted Investigator 21303 | -1/Access | Scanned by Researcher 21305 | -1/Access | Destroyed Investigator 21329 | -1/Access | Energy Cycler disabled 21334 | -1/Access | Spotted B-99 Colossus 21344 | -1/Access | Entered Command 21348 | -1/Command | Spotted B-99 Colossus 21349 | -1/Command | Emitted hypermatrix ping 21354 | -1/Command | Assembled emerged from beneath the floor 21400 | -1/Command | Assembled emerged from beneath the floor 21416 | -1/Command | Assembled emerged from beneath the floor 21449 | -1/Command | Spotted Alpha 7 21449 | -1/Command | Spotted Striker 21449 | -1/Command | Spotted Executioner 21449 | -1/Command | Spotted Executioner 21449 | -1/Command | Spotted Alpha 7 21449 | -1/Command | Spotted Striker 21449 | -1/Command | Spotted Executioner 21449 | -1/Command | Spotted Executioner 21449 | -1/Command | Spotted B-99 Colossus 21450 | -1/Command | Discovered new exit (range 18) 21451 | -1/Command | Spotted B-99 Colossus 21462 | *** | Heading to fleet! Last Messages --------------- 21458_ Sigix Sheargun blasted off. 21458_ Penetrated by Slug. 21458_ Slug penetrates Wall. 21459_ Field strength at 36. 21459_ Penetrated by Slug. 21460_ Field strength at 5. 21460_ Stasis field depleted. 21460_ Knocked back. 21461_ Slug penetrates Wall. 21462_ Knocked back. 21462_ Penetrated by Slug. 21462_ Slug penetrates Wall. 21462_ Slug penetrates Reinforced Barrier. 21462_ Slug penetrates Striker. 21462_ Penetrated by Slug. 21462_ Knocked back. 21462_ Penetrated by Slug. 21462_ Slug penetrates Wall. [Achievement: 50k Club] [Achievement: Torch] Map ----- +----------------------------------------------------+ | ??????? # *= ""# ############# | | ??????? ! # == ""# ############# | | ???????###### = # !!=############# | | ??????####### # !!=############# | | ?????? + !==############# | | ?????? # ############# | | ?????? ################ # ############# | | ?????? # ####### ####################### | | ????? # ] #####"#""++####################### | | ????? # #####" ###################### | | ????? + ###### ###################### | | ?????### ##### ^ ##################### | | ???? # ###### #####################? | | ???? # ####; 7 ###################?? | | ???? + #####; ####################?? | | ???? = # ##### % %E ##################??? | | ???? # ####;#%%^ ##################???? | | ??? # ##### % E^ ^ ################????? | | ??? # #####7BB ^ ;###############?????? | | ???? # ### EBBKE BB ############??????? | | ???? # ### K BB ###########???????? | | ???##### ### ^^ ##########????????? | | ????#### ### [ ##########????????? | | ???##### ##;% [ ^ ##########????????? | | ???##### ###% %"" ##########????????? | | ????############### ^ "X ###########???????? | | ????############### ##########????????? | | ????############### % ##########????????? | | ????############### % ##########????????? | | ????############### ##########????????? | | ?????#############; ##########????????? | | ????? #################;;##############?????????? | | ????? #################################?????????? | | ?????? #################################?????????? | | ???????# ###################??????????? | | ???????# ##################???????????? | | ???????? ##################???????????? | | ????????? #################????????????? | | ?????????? ] ################?????????????? | | ???????????? ###############??????????????? | | ????????????? ! #############????????????????? | | ??????????????? ############?????????????????? | | ?????????????????? #########????????????????????? | | ???????????????????????#?????????????????????????? | | ?????????????????????????????????????????????????? | | ?????????????????????????????????????????????????? | | ?????????????????????????????????????????????????? | | ?????????????????????????????????????????????????? | | ?????????????????????????????????????????????????? | | ?????????????????????????????????????????????????? | +----------------------------------------------------+ Best States ------------- Heat Dissipation 160 Energy Generation 121 Energy Capacity 950 Matter Stores 423 Matter Capacity 600 Sight Range 22 Robot Scan Range 20 Terrain Scan Range 16 Terrain Scan Density 10 Cloak Strength 3 Power Amplification 30 Additional Mass Support 6 Base Temperature (-) 200 Corruption Containment 8 Armor Coverage 825 Resistance: KI 50 Resistance: TH 50 Resistance: EX 50 Resistance: EM 75 Resistance: I 50 Resistance: S 50 Resistance: P 50 Utility Shielding 66 Weapon Shielding 66 Phase Shifting 15 Evasion (%) 84 Targeting Accuracy 28 Melee Accuracy 5 Target Analysis 8 Core Analysis 6 Armor Integrity Analysis 40 Recoil Reduction 8 Energy Filtering 30 Particle Charging 20 Kinecelleration 40 Salvage Targeting 4 Offensive Hacking 34 Defensive Hacking 12 Item Schematics ----------------- Adv. Heavy Siege Treads | -2/Quarantine | Hacked Robot Schematics ------------------ K-01 Serf | -2/Section 7 | Archive Fabricated ------------ Adv. Hacking Suite | x1 | -3/Research Repaired ---------- Carbon-fiber Leg | 1% | -8/Storage Arm. Treads | 26% | -7/Factory Gauss Cannon | 24% | -6/Factory Lrg. Storage Unit | 39% | -6/Factory Carbon-fiber Leg | 37% | -6/Factory Beamcaster | 52% | -6/Factory Adv. Heat Sink | 6% | -3/Research Arm. Huge Wheel | 33% | -3/Research Arm. Huge Wheel | 43% | -3/Research Arm. Huge Wheel | 47% | -3/Research Hvy. Linear Accelerator | 63% | -3/Research Alien Tech Used ----------------- Core Reset Matrix Integrated Reactor Integrated Thermoelectric Network Sigix Exoskeleton Sigix Sheargun LRC Insulator LRC Energy Well LRC Storage Sigix Terminator Achievements -------------- 50k Club More Power To You Torch Challenges ------------ None Game ------ Seed MicrowarpResetTerrabomb Manual? 0 Play Time 04:07:31 Cumulative 128.1 hours Start 2025.08.22 @ 20:13:59 End 2025.08.26 @ 18:09:58 Sessions 6 Manual Loads 0 Difficulty Rogue Special Mode None Game No. 156 Rogue 141 Adventurer 15 Explorer 0 Win Type 2 Total 5 Types 3/0/2/0/0/0/0/0/0/0 Lore% 40 Gallery% 63 Achievement% 59 Wizard Run 0 Options --------- Layout 0 ASCII 0 Keyboard 0 Movement Mouse Keybinds 0 Fullscreen 2 Font 36/Smallcaps Map View 76x50 Zoom Use 0% Tactical HUD 1 Map Filters NONE Filters NONE Steam 1 RUN: 1065a58e-2f4c-4726-8d9a-d5316c339f61